Workbook
Name ESP: #REF!
Name iincome: #REF!
Name iincome: #REF!
Name iincome: #REF!
Name iincome: #REF!
Name iincome: #REF!
Name income: #REF!
Name income: #REF!
Name income: #REF!
Name income: #REF!
Name income: #REF!
Name incomelevel: #REF!
Name incomelevel: #REF!
Name incomelevel: #REF!
Name incomelevel: 'Results Tracker (rev)'!$E$142:$E$144
Name incomelevel: #REF!
Name info: #REF!
Name info: #REF!
Name info: #REF!
Name info: 'Results Tracker (rev)'!$E$161:$E$163
Name info: #REF!
Name Month: [1]Dropdowns!$G$2:$G$13
Name overalleffect: #REF!
Name overalleffect: #REF!
Name overalleffect: #REF!
Name overalleffect: 'Results Tracker (rev)'!$D$161:$D$163
Name overalleffect: #REF!
Name physicalassets: #REF!
Name physicalassets: #REF!
Name physicalassets: #REF!
Name physicalassets: 'Results Tracker (rev)'!$J$161:$J$169
Name physicalassets: #REF!
Name quality: #REF!
Name quality: #REF!
Name quality: #REF!
Name quality: 'Results Tracker (rev)'!$B$152:$B$156
Name quality: #REF!
Name question: #REF!
Name question: #REF!
Name question: #REF!
Name question: 'Results Tracker (rev)'!$F$152:$F$154
Name question: #REF!
Name responses: #REF!
Name responses: #REF!
Name responses: #REF!
Name responses: 'Results Tracker (rev)'!$C$152:$C$156
Name responses: #REF!
Name state: #REF!
Name state: #REF!
Name state: #REF!
Name state: 'Results Tracker (rev)'!$I$156:$I$158
Name state: #REF!
Name Tracker: #REF!
Name type1: #REF!
Name type1: '[2]Results Tracker'!$G$146:$G$149
Name type1: #REF!
Name type1: 'Results Tracker (rev)'!$G$152:$G$155
Name type1: #REF!
Name Year: [1]Dropdowns!$H$2:$H$36
Name yesno: #REF!

Sheet Overview
D3: Project Performance Report (PPR)*
D4: * Refers to both projects and programs
C5: Period of Report (Dates) | D5: 28 October 2020 - 31st October 2021* | F5: * Please, note that the timeline has been extended to 31st of October to ease the financial reporting exercise. Also, on the 29th of October 2021 a contract was signed with an implementer for a value of +USD200k and we considered that it should be reflected in this reporting period instead of a year later. We hope this will be acceptable on your side. Thank you.
C7: Project Title: | D7: Special Financing Window in Support of Innovation for Adaptation
C13: Project Summary: | D13: The primary objective of this five-year programme is to support countries to test, evaluate, roll out and scale up innovative adaptation practices, products and technologies. It does so by providing micro-grants to eligible beneficiary countries (developing countries without direct access to Adaptation Fund grants). The micro-grants are used to support the development and diffusion of innovative adaptation practices, tools, and technologies through the provision of technical assistance by relevant CTCN network members. The Programme also facilitates information sharing and the exchange of best practices in order to support a learning mechanism for innovation in adaptation. The programme is expected to encourage and accelerate new innovations and strengthen evidence base on effective, efficient adaptation practices, products and technologies by enabling 30 countries to successfully develop and implement concept notes for the Adaptation Fund innovation micro-grants mechanism. Of these 30 countries, 15 would focus on innovative technologies and 10 countries would focus on strengthening technical and financial systems to accelerate adaption innovation and technology action. The programme will thus contribute to Expected Results 3 and 4 of the Adaptation Fund Medium Term Strategy 2018-2022.
H14: Countries | I14: Project Type: | K14: GEF Focal Area: | L14: GEF 4 Focal Areas | M14: GEF 2 / 3 Operational Programme: | N14: Overall Rating of the project in the evaluation by the project evaluator: | O14: GEF-4 Focal Area Strategic Program: | P14: GEF-3 Focal Area Strategic Program:
C15: Database Number: | D15: S1-32AFB-000012-SB-015479 | H15: Afghanistan | I15: FP | J15: Yes | K15: Biodiversity | L15: 1 | M15: 1 | N15: U | O15: BD-SP1-PA Financing | P15: 1: Arid & semi-arid ecosystems
B16: Implementing Entity (IE) [name]: | D16: United Nations Environment Programme (UNEP) | H16: Albania | I16: MSP | J16: No | K16: Climate Change Adaptation | L16: 2 | M16: 2 | N16: S | O16: BD-SP2-Marine PA | P16: 2: Coastal, marine & freshwater ecosystems
C17: Type of IE: | D17: Multilateral Implementing Entity (MIE) | H17: Algeria | I17: EA | K17: Climate Change Mitigation | L17: 3 | M17: 3 | N17: MU | O17: BD-SP3-PA Networks | P17: 3: Forest ecosystems
C18: Country(ies): | D18: Global | H18: Angola | K18: International Waters | L18: 5 | M18: 5 | N18: Good | O18: BD-SP5-Markets | P18: 13: Conservation and Sustainable Use of Biological Diversity Important to Agriculture
B19: Relevant Geographic Points (i.e. cities, villages, bodies of water): | D19: NA | H19: Argentina | K19: Multiple Focal Area | O19: BD-SP7-Invasive Alien Species(IAS) | P19: 6: Promoting the adoption of renewable energy by removing barriers and reducing implementation costs
M20: CC-SP2- Industrial EE | N20: 8: Waterbody based operational program
C21: Project Milestones | M21: CC-SP3-RE,CC-SP4-Biomass | N21: 9: Integrated Land and Water multiple focal area
C22: Milestone | H22: Bahamas | O22: CC-SP5-Transport | P22: 10: Contaminants based operational program
B23: AFB Approval Date: | D23: 43749
B25: IE-AFB Agreement Signature Date: | D25: 43964 | N25: CC-SP6-LULUCF | O25: 12: Integrated Ecosystem Management
B26: Start of Project/Programme: | D26: 44132 | N26: Cross cutting capacity building | O26: 14: Persistent Organic Pollutants
B27: Actual Mid-term Review Date (if applicable): | D27: 45047
C29: Original Completion Date: | D29: 45957
B30: Revised Completion Date after approval of
C31: extension request (if applic)
D33: List each approval condition, if any, and report on the status of meeting them (duplicate table as nec)
C34: Category of condition
C35: Condition or Requirement
C36: Current Status
C37: Planned actions, including a detailed time schedule
D40: List (only) inception report/ extension request(s)/ MTR that have been prepared for the project and provide date(s) of submission for each | H40: Cyprus
D41: Inception Report, 15 February 2021 | H41: Czech Republic
B42: List the Website address (URL) of project | H42: Democratic People's Republic of Korea
D43: https://www.ctc-n.org/afcia/unep-ctcn | H43: Democratic Republic of the Congo
H44: Denmark
C45: Project contacts: | H45: Djibouti
B46: National/Regional Project Manager/Coordinator | H46: Dominica
C47: Name: | D47: Saliha Dobardzic | H47: Dominican Republic
C48: Email: | D48: sdobardzic@adaptation-fund.org | H48: Ecuador
C49: Date: | H49: Egypt
B51: Government(s) DA [if regional project/program add rows as necessary]
H52: El Salvador
C53: Name: | D53: NA | H53: Equatoral Guinea
C54: Email: | H54: Eritrea
C55: Date: | H55: Estonia
C56: Implementing Entity | H56: Ethiopia
C57: Name: | D57: Jessica Troni | H57: Fiji
C58: Email: | D58: jessica.troni@un.org | H58: Finland
C59: Date: | H59: France
C60: Executing Agency | H60: Gambia
C61: Name: | D61: Rose Mwebaza | H61: Georgia
C62: Email: | D62: mwebaza@un.org | H62: Germany
C63: Date: | D63: 44706 | H63: Ghana
C64: Executing Agency | H64: Greece
C65: Name: | H65: Grenada
C66: Email: | H66: Guatemala
C67: Date: | H67: Guinea
C68: Executing Agency | H68: Guinea Bissau
C69: Name: | H69: Guyana
C70: Email: | H70: Haiti
C71: Date: | H71: Honduras
H72: Hungary
H73: Iceland
H74: India
H75: Indonesia
H76: Iran (Islamic Republic of)
H77: Iraq
H78: Ireland
H79: Israel
H80: Italy
H81: Jamaica
H82: Japan
H83: Jordan
... H189: Zimbabwe

Sheet Financial Data (rev)
C3: Financial information PPR 1: cumulative from project start to 31st October 2021 | K3: Financial information PPR 2: cumulative from project start to [insert date] | S3: Financial information PPR 3: cumulative from project start to [insert date] | AA3: Financial information PPR 4: cumulative from project start to [insert date] | AI3: Financial information PPR 5: cumulative from project start to [insert date]
C7: DISBURSEMENT OF AF GRANT FUNDS | K7: DISBURSEMENT OF AF GRANT FUNDS | S7: DISBURSEMENT OF AF GRANT FUNDS | AA7: DISBURSEMENT OF AF GRANT FUNDS | AI7: DISBURSEMENT OF AF GRANT FUNDS
C8: How much of the total AF grant as noted in Project Document plus any project preparation grant has been spent to date? | K8: How much of the total AF grant as noted in Project Document plus any project preparation grant has been spent to date? | S8: How much of the total AF grant as noted in Project Document plus any project preparation grant has been spent to date? | AA8: How much of the total AF grant as noted in Project Document plus any project preparation grant has been spent to date? | AI8: How much of the total AF grant as noted in Project Document plus any project preparation grant has been spent to date?
C9: Estimated cumulative total disbursement as of 31 October 2021 | E9: 713900 | K9: Estimated cumulative total disbursement as of [enter Date] | S9: Estimated cumulative total disbursement as of [enter Date] | AA9: Estimated cumulative total disbursement as of [enter Date] | AI9: Estimated cumulative total disbursement as of [enter Date]
C10: Add any comments on AF Grant Funds. (word limit=200) | E10: To be noted: - As of 31st October, there are 3 concept notes contracted, and 8 AFCIA projects in the final stages of the selection and contracting process, from which 3 should start implementation by Q2.2022, and the remaining 5 during Q3.2022. - The total estimated amount for these 11 projects is USD 2,471,888.91. A change in the disbursement calendar has been prepared to reflect a more realistic map of activities and will be shared with the AF together with the revised PPR. Details on TA selected : On October 31st, a total budget of 583,063 USD has been contracted in order to implement 2 "Acceleration" projects and 1 "Enabling Environment" project. For the projects under the acceleration component, there is one in Burundi, and one in Saint Kitts and Nevis. The project implemented under the enabling environment component is in the Bahamas. | K10: Add any comments on AF Grant Funds. (word limit=200) | S10: Add any comments on AF Grant Funds. (word limit=200) | AA10: Add any comments on AF Grant Funds. (word limit=200) | AI10: Add any comments on AF Grant Funds. (word limit=200)
C12: INVESTMENT INCOME | K12: INVESTMENT INCOME | S12: INVESTMENT INCOME | AA12: INVESTMENT INCOME | AI12: INVESTMENT INCOME
C13: Amount of annual investment income generated from the Adaptation Fund’s grant | K13: Amount of annual investment income generated from the Adaptation Fund’s grant | S13: Amount of annual investment income generated from the Adaptation Fund’s grant | AA13: Amount of annual investment income generated from the Adaptation Fund’s grant | AI13: Amount of annual investment income generated from the Adaptation Fund’s grant
C15: EXPENDITURE DATA | K15: EXPENDITURE DATA | S15: EXPENDITURE DATA | AA15: EXPENDITURE DATA | AI15: EXPENDITURE DATA
C16: List ouput and corresponding amount spent for the current reporting period | E16: ITEM / ACTIVITY / ACTION | F16: AMOUNT | K16: List ouput and corresponding amount spent for the current reporting period | M16: ITEM / ACTIVITY / ACTION | N16: AMOUNT | S16: List ouput and corresponding amount spent for the current reporting period | U16: ITEM / ACTIVITY / ACTION | V16: AMOUNT | AA16: List ouput and corresponding amount spent for the current reporting period | AC16: ITEM / ACTIVITY / ACTION | AD16: AMOUNT | AI16: List ouput and corresponding amount spent for the current reporting period | AK16: ITEM / ACTIVITY / ACTION | AL16: AMOUNT
E17: 1.1 Communications Sp | F17: 12000
E18: 1.1 Translation Services | F18: 0
E19: 1.1 Printing | F19: 3134
E20: 1.1 Regional Liaison | F20: 8040
E21: 1.2 Grants to Network Members (concept note development) | F21: 0
E22: 1.2 Travel (related to concept note developm) | F22: 0
E23: 2.1 Grants to Network Members (implementation - innov & tech projects)* | F23: 0
E24: Burundi | F24: 214950
E25: Saint Kitts and Nevis | F25: 201553.91
E26: 2.1 Grants to Network Members (implementation - enabling env projects)* | F26: 0
E27: Bahamas | F27: 166560
E28: 3.1 Communications Sp | F28: 6000.01
... E36: 3.3 Travel | F36: 0
E37: Sub Total Component 1 to 3 | F37: =SUM(F17:F36) -> 620006.83
E38: EC.Prog. Manager | F38: 17000
E39: EC. Procurement Officer | F39: 0
E40: EC.Technical Specialist | F40: 6000
E41: EC.Office Equipment | F41: 0
E42: EC. Procurement Officer | F42: 0
E43: EC.Travel | F43: 0
E44: EC. Terminal Evaluation | F44: 0
E45: Sub total Execution costs | F45: =SUM(F38:F44) -> 23000
E46: Sub total Components and EC | F46: =F37+F45 -> 643006.83
E47: Implementing entity fee | F47: 63900
E48: TOTAL | F48: =F46+F47 -> 706906.83 | M48: TOTAL | N48: =SUM(N17:N44) -> 0 | U48: TOTAL | V48: =SUM(V17:V44) -> 0 | AC48: TOTAL | AD48: =SUM(AD17:AD44) -> 0 | AK48: TOTAL | AL48: =SUM(AL17:AL44) -> 0
C50: PLANNED EXPENDITURE SCHEDULE | E50: Note: This table includes the revised budget for year 2 plus the remaining unspent budget reported for year 1 | K50: PLANNED EXPENDITURE SCHEDULE | S50: PLANNED EXPENDITURE SCHEDULE | AA50: PLANNED EXPENDITURE SCHEDULE | AI50: PLANNED EXPENDITURE SCHEDULE
C51: List outputs planned and corresponding projected cost for the upcoming reporting period | E51: ITEM / ACTIVITY / ACTION | F51: PROJECTED COST | G51: Est. Completion Date | K51: List outputs planned and corresponding projected cost for the upcoming reporting period | M51: ITEM / ACTIVITY / ACTION | N51: PROJECTED COST | O51: Est. Completion Date | S51: List outputs planned and corresponding projected cost for the upcoming reporting period | U51: ITEM / ACTIVITY / ACTION | V51: PROJECTED COST | W51: Est. Completion Date | AA51: List outputs planned and corresponding projected cost for the upcoming reporting period | AC51: ITEM / ACTIVITY / ACTION | AD51: PROJECTED COST | AE51: Est. Completion Date | AI51: List outputs planned and corresponding projected cost for the upcoming reporting period | AK51: ITEM / ACTIVITY / ACTION | AL51: PROJECTED COST | AM51: Est. Completion Date
E52: 1.1 Communications Sp | F52: =F17 -> 12000 | G52: 44641
E53: 1.1 Translation Services | F53: 3000
E54: 1.1 Printing | F54: 866 | G54: 44804
E55: 1.1 Regional Liaison | F55: =F20 -> 8040
E56: 1.2 Grants to Network Members (concept note developm) | F56: 86000
E57: 1.2 Travel (related to concept note developm) | F57: 30000
E58: 2.1 Grants to Network Members (implementation - innov & tech projects)*
E59: Liberia | F59: 233825 | G59: 44621
E60: Zambia | F60: 250000 | G60: 44713
E61: Ghana | F61: 250000 | G61: 44713
E62: Georgia | F62: 250000 | G62: 44743
E63: Vietnam | F63: 195000 | G63: 44743
E64: Nepal | F64: 210000 | G64: 44743
E65: Maldives | F65: 250000 | G65: 44713
E66: Mozambique | F66: 250000 | G66: 44805
E67: 2.1 Grants to Network Members (implementation - enabling env projects)*
E68: 3.1 Communications Sp | F68: 6000 | G68: 44641
E69: 3.1 IT Services | F69: 4000
E70: 3.1. Grants to Network Members (Lessons l earned) | F70: 15000
E71: 3.2 Communications Sp | F71: 6000 | G71: 44641
E72: 3.2 Translation Services | F72: 2000
E73: 3.2 Audio/Video Services | F73: 2000
E74: 3.2 Printing | F74: 231 | G74: 44804
E75: 3.3 Grants to Network Members (Tech investment proposals) | F75: 15000
E76: 3.3 Travel | F76: 0
E77: Sub Total Component 1 to 3 | F77: =SUM(F52:F76) -> 2078962
E78: EC.Prog. Manager | F78: =F38 -> 17000
E79: EC. Procurement Officer | F79: 30000
E80: EC.Technical Specialist | F80: =F40 -> 6000
E81: EC.Office Equipment | F81: 4000
E82: EC. Procurement Officer | F82: 500
E83: EC.Travel | F83: 60000
E84: EC. Terminal Evaluation | F84: 0
E85: Sub total Execution costs | F85: =SUM(F78:F84) -> 117500
E86: Sub total Components and EC | F86: =F85+F77 -> 2196462
E87: Implementing Entity fee | F87: 203585
E88: TOTAL | F88: =F86+F87 -> 2400047 | M88: TOTAL | N88: =SUM(N52:N87) -> 0 | U88: TOTAL | V88: =SUM(V52:V87) -> 0 | AC88: TOTAL | AD88: =SUM(AD52:AD87) -> 0 | AK88: TOTAL | AL88: =SUM(AL52:AL87) -> 0
S90: ACTUAL CO-FINANCING (If the MTR or TE have not been undertaken this reporting period, DO NOT report on actual co-financing.) | AA90: ACTUAL CO-FINANCING (If the MTR or TE have not been undertaken this reporting period, DO NOT report on actual co-financing.) | AI90: ACTUAL CO-FINANCING (If the MTR or TE have not been undertaken this reporting period, DO NOT report on actual co-financing.)
S91: How much of the total co-financing as committed in the Project Document has actually been realized? | AA91: How much of the total co-financing as committed in the Project Document has actually been realized? | AI91: How much of the total co-financing as committed in the Project Document has actually been realized?
S93: Estimated cumulative actual co-financing as verified during Mid-term Review (MTR) or Terminal Evaluation (TE). | AA93: Estimated cumulative actual co-financing as verified during Mid-term Review (MTR) or Terminal Evaluation (TE). | AI93: Estimated cumulative actual co-financing as verified during Mid-term Review (MTR) or Terminal Evaluation (TE).
S95: Add any comments on actual co-financing in particular any issues related to the realization of in-kind, grant, credits, loans, equity, non-grant instruments and other types of co-financing. (word limit=200) | AA95: Add any comments on actual co-financing in particular any issues related to the realization of in-kind, grant, credits, loans, equity, non-grant instruments and other types of co-financing. (word limit=200) | AI95: Add any comments on actual co-financing in particular any issues related to the realization of in-kind, grant, credits, loans, equity, non-grant instruments and other types of co-financing. (word limit=200)

Sheet Risk Assesment
C3: RISK ASSESMENT
C7: IDENTIFIED RISKS
C8: List all Risks identified in project preparation phase and what steps are being taken to mitigate them
C9: Identified Risk | D9: Current Status | E9: Steps Taken to Mitigate Risk
C10: Delays in contracting Network Members may slow implementation | D10: Low | E10: • The use of UNON’s two-stage bidding process was agreed to for the recruitment of Implementing Partnerss (CTCN Network Members) for the implementation of UNEP CTCN AFCIA Technical Assistance projects. This well-established procurement process allows for contracting of Network Members to be efficiently planned within 2 to 3 months, without causing delays to the implementation schedule. *Risk level has been adjusted accordingly.
C11: Challenges in coordination between National Designated Entities (NDEs) and Adaptation Fund Designated Authorities (DAs) may impact the quality of submissions | D11: Low | E11: • Outreach and communication activities aiming at generating a common understanding of the project, asa well as on the roles of both NDEs and DAs, are being conducted successfully. • Joint discussions between PP, NDE, DA are being encouraged and often facilitated by CTCN during the development of project concept notes, and as TA projects start implementation.
C12: The lack of enabling environment to encourage and support innovation limits national buy-in | D12: Low | E12: • At the project concept note development stage, engagement of national designated entities to the technology mechanism (NDEs) and national focal points to the Adaptation Fund (DAs) is encouraged, allowing for greater national ownership and for a better understanding of the importance of innovative adaptation technologies. • All project proposals to be implemented by Network Members include costed capacity building activities for national counterparts and key stakeholders, using different modalities depending on the project.
C13: Not enough high quality requests are received | D13: Low | E13: • A communication strategy/outreach plan is being implemented. Potential project proponents are encouraged to work with NDE and DA, and receive technical support from CTCN during early stages of development of technology concepts and of project concept notes to enhance the quality of submissions.
C14: Transformational change cannot be achieved through micro-grants | D14: Low | E14: • Eligibility and prioritization criteria are systematically applied during evaluation of submissions and ensure that the micro-grants are linked to national plans and consistent with NDCs, NAPs and other relevant commitments. • CTCN technical advice/support provided at early stages of development of the technology concept aims to strengthen these linkages and the quality of requests received, as well as the potential for transformational change of these projects. • Support is scheduled to be provided to prepare proposals for scaled up investment through the Adaptation Fund full size innovation window or other relevant financing mechanisms. *Mitigation measures have been put in place, and risk level has been adjusted accordingly.
C15: Gender considerations are not adequately taken into account during the design and implementation of innovation grant. | D15: Low | E15: • UNEP ESS screening is being applied (after the initial selection of the technology concepts) during the development of the concept notes. The selection of technology concepts is based on other eligibility and prioritization criteria which are approved by the Advisory Board of the CTCN under the technology mechanism of the climate convention. • CTCN Gender Mainstreaming Tool (Gender Toolkit) is being applied. • IPs/Network Members are required to report on gender indicators. • IPs are further required to include in their proposals at least one gender expert and allocate a minimum of 1% of total budget to gender activities.
C16: Funding for scaled up implementation is not available | D16: Low | E16: • CTCN eligibility and prioritization criteria include market-based criteria which helps select innovation technology concepts with the greatest chance to scale up. • Project concept notes are designed aiming at enhancing the potential for scale up innovations supported through the projects, requiring IPs/Network Members to provide information on financing mechanisms and/or costed actions plans for upscaling. *Mitigation measures have been put in place, and risk level has been adjusted accordingly.
C17: Innovations trigger mal-adaptation | D17: Low | E17: • UNEP ESS screening is being applied • Project concept notes are developed to avoid potential maladaptation risks and include robust M&E frameworks that are applied throughout project implementation.
C22: Critical Risks Affecting Progress (Not identified at project design)
C23: Identify Risks with a 50% or > likelihood of affecting progress of project
C24: Identified Risk | D24: Current Status | E24: Steps Taken to Mitigate Risk
C25: Covid-19 risk | D25: Medium - The situation is ever evolving with sporadic improvements and deterioration depending on the vaccination and other factors. | E25: The IP/Network Member will engage local consultants with previous experience with relevant local stakeholders to facilitate flow of information. Data collection will be performed adhering to applicable Health &Safety rules in the country at the moment. CTCN will provide tools for remote collaboration and engagement. Unused travel budget may be repurposed to complement remote collaboration tools or additional related costs stemming from Covid-19 situation.
C26: Political Risks | D26: Low - Situation in some countries in Africa, Asia and the SIDs is unpredictable. | E26: The focal points (NDE, DA) and the CTCN have established a good working relationships and communication channels. UNEP field and regional office may be used should emergency communications be needed.
C27: Force Majeure | D27: Low - Situation in some countries in Africa, Asia and the SIDs is unpredictable. | E27: IP/Network Members are following the guidance below as they implement AFCIA projects: - Defining a well-structured working plan and an adapted monitoring system to follow up closely any potential issues which might delay the implementation of this readiness - Ensuring a timely updates, with regular meetings between the IP and the NDE/DA to plan and scrutinize well in advance all potential and upcoming obstacles (e.g. defining urgency procedures to overcome delay of disbursement) - Providing suitable means to shift to adaptable modes of work, for example virtual meetings (e.g. training and providing internet package to local targeted stakeholders).
C31: Risk Measures: Were there any risk mitigation measures employed during the current reporting period? If so, were risks reduced? If not, why were these risks not reduced?
C32: Add any comments relevant to risk mitigation (word limit = 500)
C33: The risk measures indicated above have been put in place and are found to have reduced the risk level to ´low´, where risks had been identified as ´medium´ at preparation phase

Sheet ESP Compliance (rev)
C3: ENVIRONMENTAL AND SOCIAL POLICY COMPLIANCE
C6: SECTION 1: IDENTIFIED ESP RISKS MANAGEMENT
C8: Was the ESP risks identification complete at the time of funding approval? [1]
C10: ESP principle [2] | D10: Are environmental or social risks present as per table II.K (II.L for REG) of the proposal? [3] | E10: During project/programme formulation, an impact assessment was carried out for the risks identified. Have impacts been identified that require management actions to prevent unacceptable impacts? (as per II.K/II.L) [4] | F10: List the identified impacts for which safeguard measures are required (as per II.K/II.L) | G10: List here the safeguard measures (i.e. avoidance, management or mitigation) identified for each impact that are supposed to be (or had to be) implemented during the reporting period. Please break down the safeguard measures by activity. [5] | H10: List the monitoring indicator(s) for each impact identified. [6] | I10: State the baseline condition for each monitoring indicator | J10: Describe each safeguard measure that has been implemented during the reporting period [7] | K10: Describe the residual impact for each impact identified - if any - using the monitoring indicator(s) [7] | L10: Describe remedial action for residual impacts that will be taken. [7]
C11: 1 - Compliance with the law
C12: 2 - Access and equity
C13: 3 – Marginalized and vulnerable Groups
C14: 4 – Human rights
C15: 5 – Gender equality and women’s empowerment
C16: 6 – Core labour rights
C17: 7 – Indigenous peoples
C18: 8 – Involuntary resettlement
C19: 9 – Protection of natural habitats
C20: 10 – Conservation of biological diversity
C21: 11 – Climate change
C22: 12 – Pollution prevention and resource efficiency
... C28: SECTION 2: MONITORING FOR UNANTICIPATED IMPACTS / CORRECTIVE ACTIONS REQUIRED
C30: Has monitoring for unanticipated ESP risks been carried out? | E30: YES, SRIF have been prepared and approved by UNEP.
C31: Have unanticipated ESP risks been identified during the reporting period? | E31: NO
C32: If unanticipated ESP risks have been identified, describe the safeguard measures that have been taken in response and how an ESMP has been prepared/updated
C35: SECTION 3: CATEGORISATION
C37: Is the categorisation according to ESP standards still relevant?
C38: If No, please describe the changes made at activity, output or outcome level, approved by the Board, that resulted in this change of categorization. | E38: There was no categorization of the safeguards risk of this project because it would depend on the micro grants identified (USPs)
C41: SECTION 4: IMPLEMENTATION ARRANGEMENTS
C43: What arrangements have been put in place by the Implementing Entity during the reporting period to implement the required ESP safeguard measures? | E43: SRIF have been approved by the UNEP ES Safeguard Officer .
C44: Have the implementation arrangements been effective during the reporting period?
C45: What arrangements have been put in place by each Executing Entity during the reporting period to implement the required ESP safeguard measures? | E45: CTCN as the Executing Entity for the AFCIA program has followed UNEP Environmental and Social Sustainability Framework (ESSF, approved in February 2020) and related guidance on Environmental and Social Safeguards and Stakeholder Response mechanisms, in alignment with relevant UN EMG guidance and with that its partners such as the Adaptation Fund. The following arrangements have been put in place by CTCN during the reporting period: • CTCN has ensured that, during its review and screening , AFCIA submissions where eligibility and prioritization criteria applied. Due consideration was given to the identification of potential environmental and social risks and impacts associated with the proposed activities, as per UNEP´s ESSF. Assignment of a risk category to AFCIA projects, as per UNEP guidance and in consultation with UNEP´s ES Safeguard Advisor, takes into consideration a range of factors, including the nature, type, scale and duration of project activities. Thus far, only AFCIA submissions deemed of Low ESS risk were made eligible and prioritized under the AFCIA program. • CTCN has also used UNEP´s ES principles and safeguards to strengthen the sustainability of the prioritized submissions, while working with Project Proponents, Designated National Authorities (NDEs), DNAs, during the design of AFCIA project concept notes. • CTCN also follows UNEP´s procedures on stakeholder response mechanisms to ensure greater sustainability and accountability in the implementation of AFCIA projects, as it relates to project´s compliance with ESSF and safeguard standards. As AFCIA project implementation is now commencing, and as per UNEP procedures, dissemination of ESS safeguards and avenues to access the stakeholder response mechanisms will now be disseminated locally, including through discussions during consultation workshops. Local project level stakeholder response mechanisms (including grievance review and redress mechanisms) will be set up as needed, in consultation with stakeholders, and a stakeholder response/grievance focal person will be designated. Procedures to access the Independent Office for Stakeholder Safeguard-related Response (IOSSR) will also be communicated to stakeholders.
C46: Have the implementation arrangements at the EEs been effective during the reporting period? | E46: Yes. The arrangements put in place have been proven effective thus far, and have contributed in some projects to strengthen the design of project concept notes. It is noted, however, that the first AFCIA TA/micro-grant projects have just been signed at the end of the reporting period, thus implementation is not yet fully underway. CTCN will continue to monitor effectiveness of the arrangements put in place to ensure compliance with ESP and will further report in the next reporting period.
C49: SECTION 5: PROJECTS/PROGRAMMES WITH UNIDENTIFIED SUB-PROJECTS (USPs). This section needs to be completed only if the project/proramme includes USPs.
C51: Have the arrangements for the process described in the ESMP for ESP compliance for USPs been put in place? [8]
C52: Is the required capacity for ESMP implementation present and effective with the IE and the EE(s)? Have all roles and responsibilities adequately been assigned and positions filled? Please provide details. | E52: CTCN follows UNEP ESSF (aligned with AF ESP). Capacity and arrangements are in place, and procedures and roles defined, as per UNEP´s guidance, and in alignment with roles and responsibilities for CTCN´s delivery of Technical Assistance services. Improvements will be put in place as needed, based on lessons learned with the implementation of the first AFCIA TA projects. After the initial selection of the technology concepts based on the eligibility and prioritization criterion of the CTCN which is approved by the Advisory Board of the CTCN, ESS analysis including responses/mitigating measures is initiated. This would be approved by the UNEP safeguard officer.
C53: Has the overall ESMP been updated with the findings of the USPs that have been identified in this reporting period? [9] | E53: N/A
C55: List each USP that has been identified in the reporting period to the level where effective ESP compliance is possible. Add lines as necessary, one line for every USP identified. | D55: Has the ESMP been applied to the USP that has been identified? | E55: List all the ESP risks that have been identified for the USP | F55: Has an impact assessment been carried out for each ESP risk that has been identified for the USP? | G55: Has adequate consultation been held during risks and impacts identification for the USP? [10] | H55: Have the data used to identify risks and impacts been disaggregated by gender as required? | I55: List the environmental and social safeguard measures (avoidance, mitigation, management) that have been identified for the USP | J55: List the monitoring indicator(s) for each impact identified
C56: USP 1: [Burundi] Easily deployable water-filled flood barrier that can be used to prevent damage from flooding and to store water vapor-tight to ensure water availability in times of drought | D56: As indicated in section 5 above and as per UNEP ESSF (2020), CTCN has undertaken the ESS anlalysis, with Safeguards Risk Identification Form (SRIF) to be submitted to the UNEP ES Safeguard Officer for approval. | E56: SS 2: Climate Change and Disaster Risks: A/The selected area is expected to suffer floods and drought time as it has occurred in the past. The frequency of floods and drought are expected to increase due to climate change. This technology, is found feasible, would lead to building resilience of the local communities. B/There are local communities vulnerable to the impacts of climate change and disaster risks (e.g. considering level of exposure and adaptive capacity). | F56: Yes, a Safeguard Risk Idendification Form (SRIF) has been drafted in line with the UN Environment's Environmental, Social and Economic Sustainability Framework and approved by UNEP Safeguard Advisor | G56: The project has analysed and has identified stakeholders who are going to be positively or negatively impacted by the project implementation in consultation with the Director´s office of the Environment and Climate Change Ministry of Environment, Agriculture and Livestock as well as with Burundi Geographic Institute. The participation of women and youth will be proactively ensured throughout the implementation as per UN/CTCN rules. Representative of the pilot sites have been involved through the Ministry and Institute. Local communities have been informed and consulted to identify the potential risks/impacts of the project on their livelihoods, rights, wellbeing at very early stage of the process, and during the definition of the project. The selected area will be supervising the project implementation by being part of the stakeholder´s working group in charge of driving the decision process during the implementation. | H56: Yes, the data used to identify and monitor the risks identfied and expected impacts are disaggregated by gender. As per the CTC-N guidelines approved by the Advisory Board under Climate Convention, a fixed percentage of the project costs are going to gender and youth. | I56: This adaptation project is a mitigation measure to the Climate Change and Disaster Risks as it will test, in a pilot commune,, the impact that a mobile flood barrier could have in Burundi to protect both the population than the agriculture sector against flood and drought. Such technology, if suitable, would lead to buiding the resilience of the local communities. | J56: A/ Hectares of lands subjected to natural hazards that have increased their resilience to drought. B/Number of vulnerable groups (disaggregated by gender) for which the resilience will increase as a consequence of the TA.
C57: USP 2: [Saint Kitts and Nevis] Increase the water supply system resilience by managing aquifers recharge (MAR) and incorporating drought risks modelling as a planning tool for climate change adaptation measures | D57: As indicated in section 5 above and as per UNEP ESSF (2020), CTCN has undertaken the ESS anlalysis, with Safeguards Risk Identification Form (SRIF) to be submitted to the UNEP ES Safeguard Officer for approval. | E57: SS 2: Climate Change and Disaster Risks A/areas that are now or are projected to be subject to natural hazards such as extreme temperatures, earthquakes, extreme precipitation and flooding, landslides, droughts, severe winds, sea level rise, storm surges, tsunami or volcanic eruptions in the next 30 years. The selected area is expected to suffer dry spells and drought conditions, high flooding and landslides, as it has occurred in the past. | F57: Yes, a SRIF has been drafted in line with the UN Environment's Environmental, Social and Economic Sustainability Framework and approved by UNEP Safeguard Advisor | G57: In consultation with national stakeholders, the Department of Environment, Ministry of Environment and Cooperatives of the government of SKN, water services providers, departments responsible for water resource management and economic development and water users, the project has analyzed and identified stakeholders who would be positively or negatively impacted by the project implementation. The participation of women and youth will be proactively ensured throughout the implementation as per UN/CTCN rules. Representative of the pilot sites have been involved through the Ministry and Institute. Local communities have been informed and consulted through the local representative and a project briefing note has been published by the Department of Environment SKN in January 2022 | H57: Yes, the data used to identify and monitor the risks identfied and expected impacts are disaggregated bu gender. As per the CTC-N guidelines approved by the Advisory Board under Climate Convention, a fixed percentage of the project costs are towards gender and youth. | I57: The objective of the project is to improve the use of water resources in SKN, by incorporating drought risk modeling as a planning tool for climate change adaptation measures. The Technical assistance will i) assess drought risk and water resources in SKN, ii) benchmark, design and implement a drought prevention model, iii) train national officers in the use of the drought prevention model in SKN. This project is a adaptation measure to CC and Disaster Risks as it will provide a decision tool to SKN to plan better the use of water in time of drought. | J57: A/Hectares of lands subjected to natural hazards that have increased their resilience to drought and flood.
C58: USP 3: [Bahamas] Developing a national framework for the standardization of stalls and procedures for a climate smart street side vendor in the Bahamas | D58: As indicated in section 5 above and as per UNEP ESSF (2020), CTCN has undertaken the ESS anlalysis, with Safeguards Risk Identification Form (SRIF) to be submitted to the UNEP ES Safeguard Officer for approval. | E58: SS 2: Climate Change and Disaster Risks SS 6: Displacement and Involuntary Resettlement A/areas that are now or are projected to be subject to natural hazards such as extreme temperatures, earthquakes, extreme precipitation and flooding, landslides, droughts, severe winds, sea level rise, storm surges, tsunami or volcanic eruptions in the next 30 years. Bahamas is highly vulnerable to extreme climate events such as hurricanes. B/Full or partial physical displacement or relocation of people (whether temporary or permanent). The project will develop a framework and feasibility study to implement standardization of stalls and a sustainable program for the establishment of open green spaces for Street Side Vendors, with the aim of reallocating street-side vendors from unsafe locations to open green spaces, to organize the informal sector of the economy into a more formalized sector. | F58: Yes, a SRIF has been drafted in line with the UN Environment's Environmental, Social and Economic Sustainability Framework and approved by UNEP Safeguard Advisor | G58: The project has analyzed and has identified stakeholders who are going to be positively or negatively impacted by the project implementation in consultation with the Ministry of Agriculture and Marine Resources (MAMR). The MAMR is designated to implement a sustainable development plan for street side vendors, and the technical assistance will contribute to the implementation of this initiative. The participation of women and youth will be proactively ensured throughout the implementation as per UN/CTCN rules. Local communities and governmental entities have been informed and consulted to identify the potential risks/impacts of the project on their livelihoods, rights, wellbeing at very early stage of the process, and during the definition of the project through the Ministry of Agriculture and Marine Resources (MAMR). | H58: Yes, the data used to identify and monitor the risks identfied and expected impacts are disaggregated by gender. As per the CTCN guidelines approved by the Advisory Board under Climate Convention, a fixed percentage of the project costs are going to gender and youth. | I58: During the last years, efforts have been made in The Bahamas to implement activities to help the informal street-side vendors to be part of the formal economy. However, this has become an uncontrollable problem that not only threatens the health of the consumers of street food but also pollutes the environment by not taking measures to make their job sustainable. The organization of street vendors and incorporating them into the formal sector is crucial work to strengthen their capabilities to face climate challenges. This adaptation project is a mitigation measure to the CC and Disaster Risks as the overall objective of the Technical Assistance (TA) is to build resilience in the agricultural sector to improve food distribution, and to an extent, improve food security. With regards to the SS6, this project is intended to support the organization of the informal sector of the economy into a more formalized sector. The TA will formulate a framework for an open market spaces that will provide vendors with renewable energy source electricity, waste disposal facilities, water to clean up, and complete infrastructure with energy efficiency to fill their needs. In addition, green open market spaces will include a storage facility with a freezing facility, so that the food is not wasted, increasing shell life. Finally, a Business model for open green spaces/markets to function effectively will de drafted, including a proposal on what should be the governance structure and policies to lead the vendors towards these areas. The open green market spaces will contribute to improved social and environmental conditions for the community. Mitigation measures to limit the negative impact of a displacement are ensured through stakeholders consultations with the future users, and thge engagement of the street -vendors during the implementation of the project. | J58: A/Hectares of lands subjected to natural hazards that have increased their resilience to drought and flood. B/Nº of reallocated street-side vendors (disaggregated by gender) and satisfactory survey of the displaced street vendors.
C61: SECTION 6: GRIEVANCES
C63: Was a grievance mechanism established capable and known to stakeholders to accept grievances and complaints related to environmental and social risks and impacts?
C65: List all grievances received during the reporting period regarding environmental and social impacts; gender related matters; or any other matter of project/programme activities [11] | E65: For each grievance, provide information on the grievance redress process used and the status/outcome
C66: No grievances have been received (AFCIA project implementation are scheduled to start soon, though after the reporting period). As implementation begins, project specific grievance mechanisms will be designed and agreed with stakeholders, in addition to UNEP´s grievance mechanism. | E66: No grievance received so far.

Sheet GP Compliance (rev)
C3: GENDER POLICY COMPLIANCE
C6: SECTION 1: QUALITY AT ENTRY [to be completed only at PPR1]
C8: Was an initial gender assessment conducted during the preparation of the project/programme's first submission as a full proposal? | E8: No, the project includes USPs
C9: Does the results framework include gender-responsive indicators broken down at the different levels (objective, outcome, output)?
C11: List the gender-responsive elements that were incorporated in the project/programme results framework
C12: Gender-responsive element [1] | D12: Level [2] | E12: Indicator | F12: Baseline | G12: Target | H12: Rated result for the reporting period (poor, satisfactory, good)
C17: SECTION 2: QUALITY DURING IMPLEMENTATION AND AT EXIT [to be completed at final PPR]
C19: List gender equality and women's empowerment issues encountered during implementation of the project/programme. For each gender equality and women's empowerment issue describe the progress that was made as well as the results. [3]
C20: Gender equality and women's empowerment issues [4] | E20: Rated result for the reporting period (poor, satisfactory, good)
C21: No issues have been encountered as implementation of AFCIA TA micro-grant projects (USPs) have yet to start.
C25: SECTION 3: IMPLEMENTATION ARRANGEMENTS
C27: What arrangements have been put in place by the Implementing Entity during the reporting period to comply with the GP | E27: The expressions of interest to participate in the micro-grants innovation programme, as determined by the submission of a signed request form will result in the long listing of 30 technology concepts. The long list will be identified from a wide range of developing countries and analysed against criteria such as appropriateness, effectiveness, efficiency, gender responsiveness, and cost. All requests will need to demonstrate concrete adaptation action as defined by the number of people with reduced vulnerability to climate change, the number of new adaptation approaches launched, and the amount of funding for adaptation innovation leveraged. Selcetion Criteria (each criteria met counts as one point) 1. The request has a clear and positive benefit to the requesting country in adapting to the negative effect of, climate change. 2. The request enhances endogenous capacities. 3. The request demonstrates “project readiness” and has the potential for replication or scaling up 4. The request enables leveraging of public and/or private financing 5. The request promotes and demonstrates social and economic benefits 6. The request promotes and demonstrates gender equality, and empowerment of vulnerable groups, including women and youth Among the requests received, the top 10 scoring requests from each region (Africa, Asia and Pacific, and Latin America and the Caribbean), making 30 proposals, will move on to the next round of support as provided through Output 1.2. During the implementation, stakeholder consultations will seek to ensure balanced gender representation. The team of experts from the Network Partner of the CTCN will be requested to include gender experts in the field of adaptation. Finally, key considerations across all technical assistance include gender responsiveness. As such technical assistance must include a minimum of 1 percent of the budget allocated for gender specialists and consultations. All technical assistance must also apply the gender tool to ensure the gender responsiveness of activities.
C28: Have the implementation arrangements at the IE been effective during the reporting period? | E28: Yes. Criteria on Gender equality and empowerment of vulnerable groups, including women and youth has been applied during the selection process of the concept ideas. Gender indicators have been defined to monitor the implementation of each selected project. These indicators will be analysed at closure of the project, in the closure report.
C29: What arrangements have been put in place by each Executing Entity during the reporting period to comply with the GP? [5] | E29: CTCN has robust gender procedures in place to mainstream gender from the early start of the discussion of the TA requests and the design of project concept notes, through implementation and monitoring of impacts on gender equality and women empowerment. Key tools and procedures already in place and used in developing and implementing AFCIA TA micro/grant projects include: • CTCN screening and prioritization criteria applied to all TA assistance projects (including AFCIA projects), include gender equality and women empowerment criteria, and are aligned with UNEP ESSF • CTCN Gender Mainstreaming Tool is being applied • IPs/Network Members are required to report on gender indicators, and provide gender disaggregated data where applicable • IPs are further required to include in their proposals at least one gender expert and allocate a minimum of 1% of total budget to gender activities.
C30: Have the implementation arrangements at the EE(s) been effective during the reporting period? [5] | E30: Yes. The following Gender indicator have been selected in the Monitoring and Evaluation Plan for each selected project under implementation. BURUNDI OBJECTIVE 1: Reduce vulnerability and increase resilience to climate-induced flooding and drought through innovation and technology transfer for climate change adaptation with the following indicators: a) Total no. of direct beneficiaries with diversified and strengthened livelihoods and sources of income, disaggregated by male, female, ederly, children. b) Reduction in No. people displaced / migrated: . Estimate the flooded area and waterdepth and perform a fieldvisit to determine the number of females who have been protected from the flood OBJECTIVE 2: Strengthen community resilience and local capacity building to increase prosperity at Rubira Hills, Musenyi area of Mpanda Commune in Bubanza, Burundi c) Total no. of direct beneficiaries from more resilient physical and natural assets disaggregated by make and female d) People are trained and informed regarding climate change impacts disaggregated by male and female trained. BAHAMAS a) Anticipated number of direct and indirect beneficiaries as a result of the TA b) Number of participants in events, workshops, capacity building, stakeholder consultation disaggregated by gender. SAINT KITTS AND NEVIS a) Anticipated number of direct and indirect beneficiaries as a result of the T b) Number of participants in events, workshops, capacity building, stakeholder consultation disaggregated by gender.
C31: Have any capacity gaps affecting GP compliance been identified during the reporting period and if so, what remediation was implemented? | E31: No
C34: SECTION 4: GRIEVANCES
C36: Was a grievance mechanism established capable and known to stakeholders to accept grievances and complaints related to gender equality and women's empowerment? [to be completed at PPR1]
C37: List all grievances received through the grievance mechanism during the reporting period regarding gender-related matters of project/programme activities [6] | E37: No grievances have been received (AFCIA project implementation will commence at the end of the reporting period). As implementation begins, project specific grievance mechanisms will be designed and agreed with stakeholders, in addition to UNEP´s grievance mechanism.

Sheet ESP and GP Guidance notes
C3: ESP and GP Guidance Notes
C5: ENVIRONMENTAL AND SOCIAL POLICY
C7: Reference | D7: Guidance
C8: 1 | D8: The ESP requires that environmental and social risks are identified for all project/programme activities prior to funding approval. When not all the project/programme activities have been sufficiently formulated at that time so that adequate risks identification is possible, then the ESP risks identification is not complete.
C9: 2 | D9: Complete this section for all the ESP risks that have been identified, not taking into account any USPs
C10: 3 | D10: The project proposal includes an overview table of identified environmental and social risks (Section II.K of the proposal, Section II.L for regional projects). For each of the 15 principles of the ESP, please copy here the findings on the presence or absence of risks by ticking the corresponding box.
C11: 4 | D11: Only complete for those ESP principles for which risks were identified
C12: 5 | D12: The safeguard measures that must be implemented during a project/programme are normally described in detail in the ESMP of the project/programme
C13: 6 | D13: See the monitoring plan in the ESMP
C14: 7 | D14: For the first PPR report of the project/programme, this column needs to be completed with full information. For subsequent PPR reports, an update of the information previously provided is sufficient.
C15: 8 | D15: The case being, please include details on the planned timing to have all the USP implementation arrangements in place.
C16: 9 | D16: Please submit the updated ESMP together with the PPR
C17: 10 | D17: Clarify also if the grievance mechanism has been made widely known to identified and potentially affected parties
C18: 11 | D18: If any grievances were received that must not be made public, please inform the AF Secretariat of such grievances, detailing the reasons for them to remain confidential. Conficential information may be redacted by the IE in the report.
C20: GENDER POLICY
C22: Reference | D22: Guidance
C23: 1 | D23: Add lines as appropriate, one line for each gender-responsive element
C24: 2 | D24: Objective, outcome, output
C25: 3 | D25: Risks related to gender equality and women's empowerment should be reported in the ESP compliance tab
C26: 4 | D26: Add lines as appropriate, one line for each issue
C27: 5 | D27: Add lines as appropriate, one line for each executing entity
C28: 6 | D28: If any grievances were received that must not be made public, please inform the AF Secretariat of such grievances, detailing the reasons for them to remain confidential. Confidential information may be redacted by the IE in the report. This section will not be published on the AF webiste.

Sheet Rating
C3: RATING ON IMPLEMENTATION PROGRESS
C4: For rating definitions and text of AF outcomes please see bottom of page.
C5: Click above the columns captions in every table for guidance on reporting.
D7: Project components/outcomes | F7: Alignment with AF outcome(s) | H7: Expected Progress | J7: Progress to Date | K7: Rating
C8: Implementing Entity: | D8: Component 1: Outreach and sourcing of innovation micro-grant proposals Outcome 1: The innovation micro-grants mechanism is launched and partnerships for accessing the Adaptation Fund innovation mechanism are accelerated | F8: Outcome 8 | H8: Inception report and project workplan Launch workshop / inception workshop First two calls for proposal launched and a total of 18 applications selected (6+12) 6 concept notes fully developed | J8: Virtual inception workshop: 28 October 2020 (186 participants) Virtual UNEP/CTCN/UNDP joint launch event: 18 November 2020 (743 participants two events) First call for application: 18 November 2020 – 31 January 2021 (71 application received, 47 assessed, 5 selected) Second call for application: February 2021 – April 2021 (134 application received, 57 assessed, 6 selected) 11 concept notes fully developed | K8: S
D9: Component 2: Micro-grants support the development and diffusion of innovative adaptation practices, tools, and technologies Outcome 2.: Adaptation innovation and technology incubation and acceleration supported by government structures and processes | F9: Outcome 8 | H9: 6 CTCN members selected | J9: 3 CTCN members have been contracted, the 8 others are at different stage of the process (from contract signing, bidding process ongoing or response plan preparation). 3 projects were signed in 2021, 3 are expected to start in Q2.2022, 5 are expected to start in Q2.2022. | K9: S
D10: Component 3: Concrete adaptation actions are triggered by the knowledge and evidence produced by the micro-grant mechanism Outcome 3: Experiences from the micro-grant innovation mechanism lead to scaled-up funding | F10: Outcome 8 | H10: Outreach/communication plan Project dashboard Sharing and disseminating lessons learned and good practices included on the project dashboard Communication material developed | J10: Project communication strategy developed Website launched Project brochure developed AFCIA regional webinarsorganized to share lessons learned on first call for proposal: 13 April 2021 for Asia-Pacific and LAC regions, and 4 May 2021 for Africa region. | K10: S
J11: Overall Rating | K11: S
D13: Please Provide the Name and Contact information of person(s) reponsible for completeling the Rating section
D14: Name: | E14: Jessica Troni. UNEP Adaptation Portfolio Manager and Head of Climate Change Adaptation Unit
D15: Email: | E15: jessica.troni@un.org
C17: Please justify your rating. Outline the positive and negative progress made by the project since it started. Provide specific recommendations for next steps. (word limit=500)
D18: Project implementation is well on track based on initial workplan. The high number of applications received for the two first call for proposals shows the large interest and need of countries for adaptation-related technical assistance. It also shows a good communication and outreach from the programme. LDCs and SIDs are well represented among proposals submitted and selected. Overall quality of the proposals (technology concept stage) received can still be improved through continued capacity building and support before submission. Stakeholders beyound CTCN focal points and governments will be encouraged and supported to apply to the third call for proposal so do stakdholders from Latin America and the Caribeean region. Some of the good proposal received but not selected by AFCIA have been picked up by CTCN to join the normal pipeline and benefit from appropriate adaptation technical support. Lessons learned of the first call for proposal have been compiled and used to inform the second call for proposal. The same will be done for the third call as well as for project implementation. Environmental and Soial Assessment (Safeguard Identification Form) and management plan (if necessary) will be devleped for each selected project before implementation starts
D23: Project components/outcomes | F23: Alignment with AF outcome(s) N/A | H23: Expected Progress | J23: Progress to Date | K23: Rating
C24: Executing Entity/Project Coordinator: | D24: Component 1: Outreach and sourcing of innovation micro-grant proposals | H24: • Outreach plan developed for 70 countries in the programme • The first (6) project concept notes for Adaptation Fund innovation micro-grants mechanism are ready for financing, aiming at achieving geographical balance and prioritizing LDCs and SIDS. | J24: • A Communication Strategy and Outreach Plan was developed and is being implemented. A significant number of AFCIA outreach and dissemination events and initiatives have reached over 80 countries. These include: - Inception Wrokshop (28/10/2020) and Joint Launch of AFCIA Programme (18/11/2020); - Outreach among participants in Youth and women’s climate change initiatives via CTCN Youth Climate Innovation Labs and Gender-Just Climate Solutions programmes; - AFCIA regional webinars (13 April 2021 for Asia-Pacific and LAC regions; 4 May 2021 for Africa region) - CTCN Regional Forums for the NDEs in 2021 (held during the Regional Climate Weeks 2021) • From approximately 200 submissions in the first 2 calls for AFCIA technology concepts, 11 project concept notes have been developed in the reporting period, with 3 signed during this reporting period. This first group of 11 countries to access the innovation micro-grants AFCIA mechanism is geographically balanced (5 countries in Africa, 3 in Asia and 3 in LAC per region) and majority LDC/SIDS (9 out of 11). | K24: HS
D25: Component 2: Micro-grants support the development and diffusion of innovative adaptation practices, tools and technologies | H25: • In the reporting period, it was expected that the process to select the Implementing Partners/Network Members for the implementation of promising Adaptation Innovations and Technologies technical assistance projects is set in place and that selection of IPs/NM for the first AFCIA projects is being finalized (with the selection of a total of 15 countries by the end of the programme) | J25: • IPs/Network Members´ selection for the first AFCIA projects is being finalized, with 3 projects have been contracted in this reporting period, and 8 expected to start implementation in 2022. | K25: S
D26: Component 3: Concrete adaptation actions are triggered by the knowledge and evidence produced by the micro-grant mechanism | H26: • This component is not scheduled to fully start during this reporting period (as no adaptation innovations and technologies technical assistance projects have been implemented), though some initial preparatory work to allow for knowledge sharing related to AFCIA programme is expected. | J26: • A dedicated webpage for the UNDP CTCN AFCIA programme has been set up, together with a specific window within the project dashboard where TA requests and project concept notes are continuously uploaded, supporting project management, monitoring and reporting, and knowledge management functions. • Countries can now access eligible and prioritized AFCIA TA requests and proposals online (within the reporting period, 11 AFCIA projects have been published) | K26: S
J27: Overall Rating | K27: S
D28: Please Provide the Name and Contact information of person(s) reponsible for completeling the Rating section
D29: Name: | E29: Rose Mwebaza
D30: Email: | E30: mwebaza@un.org
C32: Please justify your rating. Outline the positive and negative progress made by the project since it started. Provide specific recommendations for next steps. (word limit=500)
D33: • The project is well on track, exceeding expectations in some areas, having now set a solid base for future phases of the programme. No major setbacks have been encountered, though some adjustments were made to enhance capacity of eligible countries in engaging with the programme (AFCIA). • Outreach activities and sourcing of innovation micro-grant proposals are two of the areas where outstanding progress was made, setting a solid foundation for the programme. Strategies and activities set in place by the CTCN have allowed for accelerated access of countries to this new programme and have resulted in approximately 200 submissions from 63 countries, from which 11 technology concepts have been sourced and are now ready for financing. • Outreach: Since UNEP CTCN AFCIA kick-off (inception workshop, 28/10/2020; joint launching event, 18/11/2020) where over 900 participants learned about the programme, the development of the program’s communication strategy (outreach plan) has been crucial in guiding continued successful outreach activities. Leveraging broader UNEP and CTCN networks and communication tools (e.g., website, newsletter, social media, media outreach, and joint communication materials), and strategically selecting initiatives to expand AFCIA outreach and developed capacity of countries on innovation adaptation technologies, have been key. Initiatives that proved most effective include the CTCN Regional NDE Forums held during UNFCCC Regional Climate Weeks 2021, outreach among Youth and women’s climate change initiatives via CTCN Youth Climate Innovation Labs and Gender-Just Climate Solutions programmes, and regional webinars targeting NDEs and Network Members to share early lessons from AFCIA. Preparations are also being made to feature AFCIA at COP26. • Sourcing of innovation micro-grant proposals: The outreach efforts mentioned, combined with direct engagement and support provided by CTCN experts to NDEs (in particular to LDC and SIDS countries) have resulted in the high number of submissions in the first 2 AFCIA calls. The continued contact with NDEs allowed CTCN regional teams to detect and respond to the need for iterative fine-tuning of TA requests, working collaboratively with NDEs, DAs and proponents to co-develop project concept notes. This adjustment to the planned activities (development of TOR in-house, rather than by recruitment of Consortium Partners) received very positive response from NDEs and other stakeholders and has allowed the AFCIA programme to proceed at a rapid pace, registering at the end of the reporting period 11 project concept notes (TOR) which are now ready for financing. Of these, 3 projects have started implementation in 2021, 8 will start implementation in 2022 representing a geographically balanced group of countries, majority LDC/SIDS. • High-quality submissions not selected for AFCIA are now part of CTCN TA pipeline, resulting in further adaptation support to developing countries. • CTCN will continue to draw on lessons learned from AFCIA to better respond to countries’ needs. It has already included ‘Innovation clinics for climate adaptation’ (to raise capacity and potentially source AFCIA proposals) and ‘Capacity building for national systems of innovation on climate technology’ in CTCN AOP 2022. However, given the large appetite and need of adaptation-related technical assistance in developing countries, additional initiatives for scaling up current level of support should be explored.
D43: Project components/outcomes | F43: Alignment with AF outcome(s) | H43: Expected Progress | J43: Progress to Date | K43: Rating
C44: Other (If there is more than one executing entity a rating should be provided from each EE for the outputs/outcomes of the project for which the entity is responsible; the Designated Authority can also provide a rating)
J47: Overall Rating
D48: Please Provide the Name and Contact information of person(s) reponsible for completeling the Rating section
D49: Name:
D50: Email:
C52: Please justify your rating and address the following points: 1. Indicate trends, both positive and negative, in achievement of outcomes as per the project indicators. 2. Detail critical risks that have affected progress. 3. Outline response to MTR undertaken this reporting period. 4. Outline action plan to address projects with a rating of HU, U or MU. Please keep your input to 1200 words
D54: AF Outcomes | I54: Rating Definitions
C55: Outcome 1 | D55: Reduced exposure to climate-related hazards and threats | H55: Highly Satisfactory (HS) | I55: Project actions/activities planned for current reporting period are progressing on track or exceeding expectations to acheive all major outcomes/outputs for given reporting period, without major shortcomings. The project can be presented as “good practice”.
C56: Outcome 2 | D56: Strengthened institutional capacity to reduce risks associated with climate-induced socioeconomic and environmental losses | H56: Satisfactory (S) | I56: Project actions/activities planned for current reporting period are progressing on track to achieve most of its major outcomes/outputs with only minor shortcomings.
C57: Outcome 3 | D57: Strengthened awareness and ownership of adaptation and climate risk reduction processes at local level | H57: Marginally Satisfactory (MS) | I57: Project actions/activities planned for current reporting period are progressing on track to achieve most major relevant outcomes/outputs, but with either significant shortcomings or modest overall relevance.
C58: Outcome 4 | D58: Increased adaptive capacity within relevant development sector services and infrastructure assets | H58: Marginally Unsatisfactory (MU) | I58: Project actions/activities planned for current reporting period are not progressing on track to achieve major outcomes/outputs with major shortcomings or is expected to achieve only some of its major outcomes/outputs.
C59: Outcome 5 | D59: Increased ecosystem resilience in response to climate change and variability-induced stress | H59: Unsatisfactory (U) | I59: Project actions/activities planned for current reporting period are not progressing on track to achieve most of its major outcomes/outputs.
C60: Outcome 6 | D60: Diversified and strengthened livelihods and sources of income for vulnerable people in targeted areas | H60: Highly Unsatisfactory (U) | I60: Project actions/activities planned for current reporting period are not on track and shows that it is failing to achieve, and is not expected to achieve, any of its outcomes/outputs.
C61: Outcome 7 | D61: Improved policies and regulations that promote and enforce resilience measures
C62: Outcome 8 | D62: Support the development and diffusion of innovative adaptation practices, tools and technologies

Sheet Project Indicators
C3: PROJECT Indicators
C4: Please provide all indicators being tracked for the project as outlined in the project document
C6: Type of Indicator (indicators towards Objectives, Outcomes, etc…)
C7: Type of Indicator | D7: Indicator | F7: Baseline | G7: Progress since inception | H7: Target for Project End
C8: Objective | D8: Extent of innovative practices and investments taking place to address climate change adaptation challenges | F8: 0 | G8: 0 | H8: 3
C9: Outcome | D9: # of countries requesting micro-grants to support innovation in adaptation | F9: 0 | G9: 63 | H9: 20
C10: Outcome | D10: # micro-grants invested in technology acceleration | F10: 0 | G10: 3 | H10: 20
C11: Outcome | D11: Scaled up funding secured for technology acceleration investment | F11: 0 | G11: 0 | H11: 4
C12: Output | D12: Outreach plan developed | F12: 0 | G12: 1 | H12: 1
C13: Output | D13: Project concept notes | F13: 0 | G13: 11 | H13: 30
C14: Output | D14: Number of adaptation technology innovations supported | F14: 0 | G14: 2 | H14: 15
C15: Output | D15: Number of technical analyses to support the enabling environment for technology innovation | F15: 0 | G15: 1 | H15: 10
C16: Output | D16: Number of project stories | F16: 0 | G16: 0 | H16: 5
C17: Output | D17: Operational project dashboard | F17: CTCN tool to be adapted | G17: 0 | H17: 1 tailored tool for the technology accelerator
C18: Output | D18: Number of guidance documents | F18: 0 | G18: 0 | H18: 1
C19: Output | D19: Number of communciation products | F19: 0 | G19: 0 | H19: 5
C20: Output | D20: Number of business/funding proposals | F20: 0 | G20: 0 | H20: 2

Sheet Lessons Learned
C3: QUALITATIVE MEASURES and LESSONS LEARNED
C5: Please complete the following section every reporting period
C6: Implementation and Adaptive Management | D6: Response
C7: What implementation issues/lessons, either positive or negative, affected progress? | D7: Based on numerous discussions with NDEs and project proponents in the different regions and on the responses received to two rounds of calls for submission of AFCIA technology concepts, key lessons learned so far can be summarized as follows: • There is a large appetite and need of adaptation-related technical assistance in developing countries (approximately 200 requests received in the first 6 months of the AFCIA programme, with an increase in the number of submissions from the first to the second calls) • Outreach/communication activities about the programme, in particular conveying the message that CTCN support is available from the very early stages of ideas/technology concepts, have a had a positive effect in countries response to the programme (with increased number of submissions in the second call). • Developing countries, in particular LCDs and SIDS, continue to need support to articulate their adaptation technology demands. • Initiatives to improve capacity to identify and assess innovative adaptation practices, products and technologies, targeting LDCs and SIDs, need to be rolled out (and are now planned under CTCN AOP2022). • Where applications are cross sectoral in nature, a combination of adaptation and mitigation technologies should be considered and encouraged to generate transformative impact.
C8: Were there any delays in implementation? If so, include any causes of delays. What measures have been taken to reduce delays? | D8: Implementation of the programme is on track.
C9: Describe any changes undertaken to improve results on the ground or any changes made to project outputs (i.e. changes to project design)* | D9: The development of project concept notes (TOR), rather than being developed by CTCN Consortium Partners (CPs), as per programme proposal, they have been developed internally by CTCN experts, working closely together with NDEs, PPs and DAs (and in some cases with key stakeholders). This was due mainly to: • lack of appetite from CPs to take up the formulation of project concept notes, since UN/CTCN procurement rules preclude those who are involved TOR development to bid for those projects. • the need for continued support to explore more innovative technology solutions and establishing clear climate rational of project concepts to fine tune TA requests (based on the feedback received from NDEs and PPs during the first AFCIA call). This modality (not anticipated in the programme proposal) has allowed for: • greater engagement of national entities in the co-development of project concept notes, which is expected to lead greater ownership and sustainability of project results • shorter timelines (from request submission to bidding) • reduced expenditure (budget allocated to project concept note development has not been spent and will need to be reallocated). However, it should be noted that this modality has required significant human resources from CTCN (in terms of its experts’ time), while not benefiting from the expertise of CTCN CPs. In the future, other modalities may be explored to combine continued support from CTCN experts and greater engagement of NDEs, DAs, PP, as well as support from CTCN CPs and Network Members.
C10: Have the environmental and social safeguard measures that were taken been effective in avoiding unwanted negative impacts? | D10: N/A (AFCIA submissions were classified as Low risk, thus no ESMP was developed). However, the ESSF has been used effectively in screening and prioritization of AFCIA submissions, such as those related to environmental sustainability and gender safeguards, and later used to enhance sustainability during the development of project concept notes.) In alignment with UNEP procedures (and AF requirements), at the time of writing this report, SRIF for the different projects are being developed and will be submitted to UNEP prior to technical assistance projects' implementation.
C11: How have gender considerations been taken into consideration during the reporting period? What have been the lessons learned as a consequence of inclusion of such considerations on project performance or impacts? List lessons learned specific to gender, detailing measures and project/programme-specific indicators highlighting the role of women as key actors in climate change adaptation. | D11: Gender equality and women empowerment is part of the screening and prioritization criteria of all CTCN TA requests, including AFCIA submissions, and is embedded in the design of all CTCN response plans and AFCIA project concept notes. CTCN TA gender-related requirements such as minimum budget allocation to gender, integration of gender experts in the IP team contribute to strengthen the integration of gender into project design and implementation. As implementation of AFCIA Technical Assistance projects has yet to start, it is difficult to assess project performance or impacts regarding mainstreaming of gender considerations during the reporting period. However, through discussions with PPs and NDEs on the need to analyse and integrate gender considerations into project design of specific proposals, as well as disseminating gender requirements of CTCN TA support in AFCIA outreach activities, as helped raise awareness on the need to strengthen this dimension in innovation adaptation technology work. Thus, it is our expectation that the inclusion of requirements to strengthen gender considerations in IPs proposals is better understood by beneficiary parties and should contribute to improve project performance at later stages of implementation. In addition, the CTCN has leveraged synergies with its work on Gender, including AFCIA into the training curriculum of its Gender Just Solutions and Youth Incubator programmes.
C12: *Inform promptly the secretariat of any changes in the budget or project results framework in accordance with the Project Implementation Policy https://www.adaptation-fund.org/wp-content/uploads/2017/11/OPG-ANNEX-7-Project-Programme-Implementation-Approved-Oct-2017.pdf
C14: Please complete the following section at mid-term and project completion
C15: Lessons for Adaptation | D15: Response
C16: Climate Resilience Measures
C17: What have been the lessons learned, both positive and negative, in implementing climate adaptation measures that would be relevant to the design and implementation of future projects/programmes for enhanced resilience to climate change?
C18: What is the potential for the climate resilience measures undertaken by the project/programme to be replicated and scaled up both within and outside the project area?
C19: Readiness Interventions (Applicable only to NIEs that received one or more readiness grants)
C20: What have been the lessons learned, both positive and negative, in accessing and implementing climate finance readiness support that would be relevant to the preparation, design and implementation of future concrete adaptation projects/programmes?
C21: How have the outputs (such as manuals, guidelines, procedures or the experience from providing peer support, etc) from employing readiness grants been used to inform institutional capacity needs, gender issues, and environmental and social aspects in developing and implementing concrete projects/programmes for enhanced resilience to climate change?
C22: Concrete Adaptation Interventions
C23: What have been the lessons learned, both positive and negative, in implementing concrete adaptation interventions that would be relevant to the design and implementation of future projects/programmes implementing concrete adaptation interventions?
C24: What is the potential for the concrete adaptation interventions undertaken by the project/programme to be replicated and scaled up both within and outside the project area?
C25: Community/National Impact
C26: What would you consider to be the most successful aspects for the target communities?
C27: What measures are/have been put in place to ensure sustainability of the project/program results?
... C40: If you answered yes above, kindly specify the name of the Fund/Organization.

Sheet Results Tracker (rev)
C3: Results Tracker for Adaptation Fund (AF) Projects
B6: Goal: "Goal: Assist developing-country Parties to the Kyoto Protocol and the Paris Agreement that are particularly vulnerable to the adverse effects of climate change in meeting the costs of concrete adaptation projects and programmes in order to implement climate-resilient measures. Impact: Increased resiliency at the community, national, and regional levels to climate variability and change. " Impact: Increased resiliency at the community, national, and regional levels to climate variability and change.
B7: Important: Please read the following guidance document (also posted on the Adaptation Fund website) before entering your data
B8: https://www.adaptation-fund.org/wp-content/uploads/2019/10/Results-Tracker-Guidance-Document-Updated_July-2019.docx
B10: Adaptation Fund Strategic Results Framework
B12: Project ID | C12: S1-32AFB-000012-SB-015479
B13: Implementing Entity | C13: UNEP
B14: Type of implementing entity | C14: MIE
B15: Country
B16: Region
B17: Sector | C17: Multi-sector
B19: For impact and outcomes 1 to 7 that were not initially included in the project result framework, only approved projects that have started implementation have been taken into account. To date those projects are the following: Saint Kitts and Nevis, Bahamas and Burundi. Details are provided in the next sheet "trackers for project under implementation". These indicators were added as requested by the AF on the first review of the PPR.
D20: Baseline information | H20: Target performance at completion | L20: Performance at mid-term | P20: Performance at completion
B21: Impact: Increased resiliency at the community, national, and regional levels to climate variability and change | C21: Core Indicator: No. of beneficiaries | E21: Total (direct + indirect beneficiaries) | F21: Direct beneficiaries supported by the project | G21: Indirect beneficiaries supported by the project | I21: Total (direct + indirect beneficiaries) | J21: Direct beneficiaries supported by the project | K21: Indirect beneficiaries supported by the project | M21: Total (direct + indirect beneficiaries) | N21: Direct beneficiaries supported by the project | O21: Indirect beneficiaries supported by the project | Q21: Total (direct + indirect beneficiaries) | R21: Direct beneficiaries supported by the project | S21: Indirect beneficiaries supported by the project
D22: Total | H22: Total | I22: ='Tracker for projects under impl'!D8+'Tracker for projects under impl'!J8+'Tracker for projects under impl'!R8 -> 65000 | J22: ='Tracker for projects under impl'!E8+'Tracker for projects under impl'!K8+'Tracker for projects under impl'!S8 -> 10650 | K22: ='Tracker for projects under impl'!F8+'Tracker for projects under impl'!L8+'Tracker for projects under impl'!T8 -> 54350 | L22: Total | P22: Total
D23: % of female beneficiaries | H23: % of female beneficiaries | I23: 0.4333 | J23: 0.275 | K23: 0.5 | L23: % of female beneficiaries | P23: % of female beneficiaries
D24: % of Youth beneficiaries | H24: % of Youth beneficiaries | I24: 0.1333 | J24: 0.1 | K24: 0.1 | L24: % of Youth beneficiaries | P24: % of Youth beneficiaries
D26: Baseline information | H26: Target performance at completion | L26: Performance at mid-term | P26: Performance at completion
B27: Outcome 1: Reduced exposure to climate-related hazards and threats | C27: Indicator 1: Relevant threat and hazard information generated and disseminated to stakeholders on a timely basis | D27: Number of targeted stakeholders | F27: Hazards information generated and disseminated | G27: Overall effectiveness | H27: Number of targeted stakeholders | J27: Hazards information generated and disseminated | K27: Overall effectiveness | L27: Number of targeted stakeholders | N27: Hazards information generated and disseminated | O27: Overall effectiveness | P27: Number of targeted stakeholders | R27: Hazards information generated and disseminated | S27: Overall effectiveness
D28: Total | H28: Total | I28: ='Tracker for projects under impl'!C15+'Tracker for projects under impl'!J15+'Tracker for projects under impl'!R15 -> 9 | J28: Drought | K28: 4: Effective | L28: Total | P28: Total
D29: % of female targeted | H29: % of female targeted | I29: ='Tracker for projects under impl'!J16 -> 0.5 | L29: % of female targeted | P29: % of female targeted
B30: Output 1.1 Risk and vulnerability assessments conducted and updated | C30: Indicator 1.1: No. of projects/programmes that conduct and update risk and vulnerability assessments | D30: No. of projects/programmes that conduct and update risk and vulnerability assessments | E30: Sector | F30: Scale | G30: Status | H30: No. of projects/programmes that conduct and update risk and vulnerability assessments | I30: Sector | J30: Scale | K30: Status | L30: No. of projects/programmes that conduct and update risk and vulnerability assessments | M30: Sector | N30: Scale | O30: Status | P30: No. of projects/programmes that conduct and update risk and vulnerability assessments | Q30: Sector | R30: Scale | S30: Status
H31: ='Tracker for projects under impl'!B18+'Tracker for projects under impl'!I18+'Tracker for projects under impl'!Q18 -> 2 | I31: Agriculture | J31: Local | K31: 2: Undertaking or updating of assessments in progress
D32: No. of projects/programmes that conduct and update risk and vulnerability assessments | E32: Sector | F32: Scale | G32: Status | H32: No. of projects/programmes that conduct and update risk and vulnerability assessments | I32: Sector | J32: Scale | K32: Status | L32: No. of projects/programmes that conduct and update risk and vulnerability assessments | M32: Sector | N32: Scale | O32: Status | P32: No. of projects/programmes that conduct and update risk and vulnerability assessments | Q32: Sector | R32: Scale | S32: Status
D34: No. of projects/programmes that conduct and update risk and vulnerability assessments | E34: Sector | F34: Scale | G34: Status | H34: No. of projects/programmes that conduct and update risk and vulnerability assessments | I34: Sector | J34: Scale | K34: Status | L34: No. of projects/programmes that conduct and update risk and vulnerability assessments | M34: Sector | N34: Scale | O34: Status | P34: No. of projects/programmes that conduct and update risk and vulnerability assessments | Q34: Sector | R34: Scale | S34: Status
D36: No. of projects/programmes that conduct and update risk and vulnerability assessments | E36: Sector | F36: Scale | G36: Status | H36: No. of projects/programmes that conduct and update risk and vulnerability assessments | I36: Sector | J36: Scale | K36: Status | L36: No. of projects/programmes that conduct and update risk and vulnerability assessments | M36: Sector | N36: Scale | O36: Status | P36: No. of projects/programmes that conduct and update risk and vulnerability assessments | Q36: Sector | R36: Scale | S36: Status
D38: No. of projects/programmes that conduct and update risk and vulnerability assessments | E38: Sector | F38: Scale | G38: Status | H38: No. of projects/programmes that conduct and update risk and vulnerability assessments | I38: Sector | J38: Scale | K38: Status | L38: No. of projects/programmes that conduct and update risk and vulnerability assessments | M38: Sector | N38: Scale | O38: Status | P38: No. of projects/programmes that conduct and update risk and vulnerability assessments | Q38: Sector | R38: Scale | S38: Status
B40: Output 1.2 Targeted population groups covered by adequate risk reduction systems | C40: Core Indicator 1.2: No. of Early Warning Systems | D40: No. of adopted Early Warning Systems | E40: Category targeted | F40: Hazard | H40: No. of adopted Early Warning Systems | I40: Category targeted | J40: Hazard | K40: Drought | L40: No. of adopted Early Warning Systems | M40: Category targeted | N40: Hazard | P40: No. of adopted Early Warning Systems | Q40: Category targeted | R40: Hazard
F41: Geographical coverage | H41: 1 | I41: 1: Risk knowledge | J41: Geographical coverage | K41: National | N41: Geographical coverage | R41: Geographical coverage
F42: Number of municipalities | J42: Number of municipalities | K42: 8 | N42: Number of municipalities | R42: Number of municipalities
D43: No. of adopted Early Warning Systems | E43: Category targeted | F43: Hazard | H43: No. of adopted Early Warning Systems | I43: Category targeted | J43: Hazard | L43: No. of adopted Early Warning Systems | M43: Category targeted | N43: Hazard | P43: No. of adopted Early Warning Systems | Q43: Category targeted | R43: Hazard
F44: Geographical coverage | J44: Geographical coverage | N44: Geographical coverage | R44: Geographical coverage
F45: Number of municipalities | J45: Number of municipalities | N45: Number of municipalities | R45: Number of municipalities
D46: No. of adopted Early Warning Systems | E46: Category targeted | F46: Hazard | H46: No. of adopted Early Warning Systems | I46: Category targeted | J46: Hazard | L46: No. of adopted Early Warning Systems | M46: Category targeted | N46: Hazard | P46: No. of adopted Early Warning Systems | Q46: Category targeted | R46: Hazard
F47: Geographical coverage | J47: Geographical coverage | N47: Geographical coverage | R47: Geographical coverage
F48: Number of municipalities | J48: Number of municipalities | N48: Number of municipalities | R48: Number of municipalities
D49: No. of adopted Early Warning Systems | E49: Category targeted | F49: Hazard | H49: No. of adopted Early Warning Systems | I49: Category targeted | J49: Hazard | L49: No. of adopted Early Warning Systems | M49: Category targeted | N49: Hazard | P49: No. of adopted Early Warning Systems | Q49: Category targeted | R49: Hazard
F50: Geographical coverage | J50: Geographical coverage | N50: Geographical coverage | R50: Geographical coverage
F51: Number of municipalities | J51: Number of municipalities | N51: Number of municipalities | R51: Number of municipalities
D53: Baseline information | H53: Target performance at completion | L53: Performance at mid-term | P53: Performance at completion
B54: Outcome 2: Strengthened institutional capacity to reduce risks associated with climate-induced socioeconomic and environmental losses | C54: Indicator 2: Capacity of staff to respond to, and mitigate impacts of, climate-related events from targeted institutions increased | D54: Number of staff targeted | F54: Sector | G54: Capacity level | H54: Number of staff targeted | J54: Sector | K54: Capacity level | L54: Number of staff targeted | N54: Sector | O54: Capacity level | P54: Number of staff targeted | R54: Sector | S54: Capacity level
D55: Total | H55: Total | I55: 30 | J55: Water management | K55: 2: Low capacity | L55: Total | P55: Total
D56: % of female targeted | H56: % of female targeted | I56: 0.3 | L56: % of female targeted | P56: % of female targeted
B57: Output 2.1 Strengthened capacity of national and sub-national centres and networks to respond rapidly to extreme weather events | C57: Indicator 2.1.1: No. of staff trained to respond to, and mitigate impacts of, climate-related events | D57: Total staff trained | E57: % of female staff trained | F57: Type | H57: Total staff trained | I57: % of female staff trained | J57: Type | L57: Total staff trained | M57: % of female staff trained | N57: Type | P57: Total staff trained | Q57: % of female staff trained | R57: Type
H58: ='Tracker for projects under impl'!C46+'Tracker for projects under impl'!I47+'Tracker for projects under impl'!Q47 -> 150 | I58: 0.4 | J58: Public
C59: Indicator 2.1.2: No. of targeted institutions with increased capacity to minimize exposure to climate variability risks | D59: Type | E59: Scale | F59: Sector | G59: Capacity level | H59: Type | I59: Scale | J59: Sector | K59: Capacity level | L59: Type | M59: Scale | N59: Sector | O59: Capacity level | P59: Type | Q59: Scale | R59: Sector | S59: Capacity level
H60: Public | I60: National | J60: Water management | K60: 2: Low capacity
B61: Output 2.2. Increased readiness and capacity of national and sub-national entities to directly access and program adaptation finance | C61: Indicator 2.2.1: No. of targeted institutions benefitting from the direct access and enhanced direct access modality | D61: Number of beneficiaries | E61: Scale | F61: Sector | G61: Capacity level | H61: Number of beneficiaries | I61: Scale | J61: Sector | K61: Capacity level | L61: Number of beneficiaries | M61: Scale | N61: Sector | O61: Capacity level | P61: Number of beneficiaries | Q61: Scale | R61: Sector | S61: Capacity level
H62: ='Tracker for projects under impl'!C50+'Tracker for projects under impl'!I51 -> 20 | I62: National | J62: Agriculture | K62: 2: Low capacity
D64: Baseline information | H64: Target performance at completion | L64: Performance at mid-term | P64: Performance at completion
B65: Outcome 3: Strengthened awareness and owernship of adaptation and climate risk reduction processes | C65: Indicator 3.1: Increase in application of appropriate adaptation responses | D65: Percentage of targeted population applying adaptation measures | F65: Sector | H65: Percentage of targeted population applying adaptation measures | J65: Sector | L65: Percentage of targeted population applying adaptation measures | N65: Sector | P65: Percentage of targeted population applying adaptation measures | R65: Sector
H66: 60 | J66: Agriculture
B67: Output 3: Targeted population groups participating in adaptation and risk reduction awareness activities | C67: Indicator 3.1.1: Percentage of targeted population awareness of predicted adverse impacts of climate change, and of appropriate responses | D67: No. of targeted beneficiaries | E67: % of female participants targeted | F67: Level of awareness | H67: No. of targeted beneficiaries | I67: % of female participants targeted | J67: Level of awareness | L67: No. of targeted beneficiaries | M67: % of female participants targeted | N67: Level of awareness | P67: No. of targeted beneficiaries | Q67: % of female participants targeted | R67: Level of awareness
H68: ='Tracker for projects under impl'!C57+'Tracker for projects under impl'!I57+'Tracker for projects under impl'!Q57 -> 1000 | I68: 0.5 | J68: 3: Partially aware
B69: Output 3.2: Stengthened capacity of national and subnational stakeholders and entities to capture and disseminate knowledge and learning | C69: Indicator 3.2.1: No. of technical committees/associations formed to ensure transfer of knowledge | D69: No. of technical committees/associations | E69: % of women represented in committes/associations | F69: Level of awareness | H69: No. of technical committees/associations | I69: % of women represented in committes/associations | J69: Level of awareness | L69: No. of technical committees/associations | M69: % of women represented in committes/associations | N69: Level of awareness | P69: No. of technical committees/associations | Q69: % of women represented in committes/associations | R69: Level of awareness
H70: ='Tracker for projects under impl'!C59+'Tracker for projects under impl'!I59+'Tracker for projects under impl'!Q59 -> 10 | I70: 20% to 39% | J70: 3: Partially aware
C71: Indicator 3.2.2: No. of tools and guidelines developed (thematic, sectoral, institutional) and shared with relevant stakeholders | D71: No. of tools and guidelines | E71: Type | F71: Scale | H71: No. of tools and guidelines | I71: type | J71: Scale | L71: No. of tools and guidelines | M71: type | N71: Scale | P71: No. of tools and guidelines | Q71: type | R71: Scale
H72: ='Tracker for projects under impl'!C61+'Tracker for projects under impl'!I61+'Tracker for projects under impl'!Q61 -> 4 | I72: Technical guidelines | J72: Sub-national
D73: Baseline information | H73: Target performance at completion | L73: Performance at mid-term | P73: Target performance at completion
B74: Outcome 4: Increased adaptive capacity within relevant development sector services and infrastructure assets | C74: Indicator 4.1: Increased responsiveness of development sector services to evolving needs from changing and variable climate | D74: Project/programme sector | E74: Geographical scale | F74: Response level | H74: Project/programme sector | I74: Geographical scale | J74: Response level | L74: Project/programme sector | M74: Geographical scale | N74: Response level | P74: Project/programme sector | Q74: Geographical scale | R74: Response level
C76: Core Indicator 4.2: Assets produced, developed, improved or strengthened | D76: Sector | E76: Targeted asset | F76: Changes in asset (quantitative or qualitative) | H76: Sector | I76: Targeted asset | J76: Changes in asset (quantitative or qualitative) | L76: Sector | M76: Targeted asset | N76: Changes in asset (quantitative or qualitative) | P76: Sector | Q76: Targeted asset | R76: Changes in asset (quantitative or qualitative)
H77: Water management | I77: 2: Physical asset (produced/improved/strenghtened) | J77: 4: Mostly Improved
B83: Output 4: Vulnerable development sector services and infrastructure assets strengthened in response to climate change impacts, including variability | C83: Indicator 4.1.1: No. and type of development sector services to respond to new conditions resulting from climate variability and change | D83: Number of services | E83: Type | G83: Sector | H83: Number of services | I83: Type | K83: Sector | L83: Number of services | M83: Type | O83: Sector | P83: Number of services | Q83: Type | S83: Sector
H84: ='Tracker for projects under impl'!C74 -> 1 | I84: Community | K84: Water management
D91: Baseline information | H91: Targeted performance at completion | L91: Performance at mid-term | P91: Target performance at completion
B92: Outcome 5: Increased ecosystem resilience in response to climate change and variability-induced stress | C92: Indicator 5: Ecosystem services and natural resource assets maintained or improved under climate change and variability-induced stress | D92: Natural resource improvement level | F92: Sector | G92: Type | H92: Natural resource improvement level | J92: Sector | K92: Type | L92: Natural resource improvement level | N92: Sector | O92: Type | P92: Natural resource improvement level | R92: Sector | S92: Type
H93: 4: Effective | J93: Agriculture | K93: land
B94: Output 5: Vulnerable ecosystem services and natural resource assets strengthned in response to climate change impacts, including variability | C94: Core Indicator 5.1: Natural Assets protected or rehabilitated | D94: Natural asset or Ecosystem (type) | E94: Total number of natural assets or ecosystems protected/rehabilitated | F94: Unit | G94: Effectiveness of protection/rehabilitation | H94: Natural asset or Ecosystem (type) | I94: Total number of natural assets or ecosystems protected/rehabilitated | J94: Unit | K94: Effectiveness of protection/rehabilitation | L94: Natural asset or Ecosystem (type) | M94: Total number of natural assets or ecosystems protected/rehabilitated | N94: Unit | O94: Effectiveness of protection/rehabilitation | P94: Natural asset or Ecosystem (type) | Q94: Total number of natural assets or ecosystems protected/rehabilitated | R94: Unit | S94: Effectiveness of protection/rehabilitation
H95: Cultivated land/Agricultural land | I95: 100 | J95: ha rehabilitated | K95: 5: Very effective
D97: Natural asset or Ecosystem (type) | E97: Total number of natural assets or ecosystems protected/rehabilitated | F97: Unit | G97: Effectiveness of protection/rehabilitation | H97: Natural asset or Ecosystem (type) | I97: Total number of natural assets or ecosystems protected/rehabilitated | J97: Unit | K97: Effectiveness of protection/rehabilitation | L97: Natural asset or Ecosystem (type) | M97: Total number of natural assets or ecosystems protected/rehabilitated | N97: Unit | O97: Effectiveness of protection/rehabilitation | P97: Natural asset or Ecosystem (type) | Q97: Total number of natural assets or ecosystems protected/rehabilitated | R97: Unit | S97: Effectiveness of protection/rehabilitation
D100: Natural asset or Ecosystem (type) | E100: Total number of natural assets or ecosystems protected/rehabilitated | F100: Unit | G100: Effectiveness of protection/rehabilitation | H100: Natural asset or Ecosystem (type) | I100: Total number of natural assets or ecosystems protected/rehabilitated | J100: Unit | K100: Effectiveness of protection/rehabilitation | L100: Natural asset or Ecosystem (type) | M100: Total number of natural assets or ecosystems protected/rehabilitated | N100: Unit | O100: Effectiveness of protection/rehabilitation | P100: Natural asset or Ecosystem (type) | Q100: Total number of natural assets or ecosystems protected/rehabilitated | R100: Unit | S100: Effectiveness of protection/rehabilitation
D103: Natural asset or Ecosystem (type) | E103: Total number of natural assets or ecosystems protected/rehabilitated | F103: Unit | G103: Effectiveness of protection/rehabilitation | H103: Natural asset or Ecosystem (type) | I103: Total number of natural assets or ecosystems protected/rehabilitated | J103: Unit | K103: Effectiveness of protection/rehabilitation | L103: Natural asset or Ecosystem (type) | M103: Total number of natural assets or ecosystems protected/rehabilitated | N103: Unit | O103: Effectiveness of protection/rehabilitation | P103: Natural asset or Ecosystem (type) | Q103: Total number of natural assets or ecosystems protected/rehabilitated | R103: Unit | S103: Effectiveness of protection/rehabilitation
D107: Baseline information | H107: Targeted performance at completion | L107: Performance at mid-term | P107: Performance at completion
B108: Outcome 6: Diversified and strengthened livelihoods and sources of income for vulnerable people in targeted areas | C108: Indicator 6.1: Increase in households and communities having more secure access to livelihood assets | D108: No. of targeted households | E108: % of female headed households | F108: Improvement level | H108: No. of targeted households | I108: % of female headed households | J108: Improvement level | L108: No. of targeted households | M108: % of female headed households | N108: Improvement level | P108: No. of targeted households | Q108: % of female headed households | R108: Improvement level
H109: ='Tracker for projects under impl'!C102+'Tracker for projects under impl'!I102+'Tracker for projects under impl'!Q102 -> 5650 | I109: 0.5 | J109: 4: High improvement
C110: Indicator 6.2: Increase in targeted population's sustained climate-resilient alternative livelihoods | D110: No. of targeted households | E110: % of female headed households | F110: % increase in income level vis-à-vis baseline | G110: Alternate Source | H110: No. of targeted households | I110: % of female headed households | J110: % increase in income level vis-à-vis baseline | K110: Alternate Source | L110: No. of targeted households | M110: % of female headed households | N110: % increase in income level vis-à-vis baseline | O110: Alternate Source | P110: No. of targeted households | Q110: % of female headed households | R110: % increase in income level vis-à-vis baseline | S110: Alternate Source
D112: No. of targeted households | E112: % of female headed households | F112: % increase in income level vis-à-vis baseline | G112: Alternate Source | H112: No. of targeted households | I112: % of female headed households | J112: % increase in income level vis-à-vis baseline | K112: Alternate Source | L112: No. of targeted households | M112: % of female headed households | N112: % increase in income level vis-à-vis baseline | O112: Alternate Source | P112: No. of targeted households | Q112: % of female headed households | R112: % increase in income level vis-à-vis baseline | S112: Alternate Source
D114: No. of targeted households | E114: % of female headed households | F114: % increase in income level vis-à-vis baseline | G114: Alternate Source | H114: No. of targeted households | I114: % of female headed households | J114: % increase in income level vis-à-vis baseline | K114: Alternate Source | L114: No. of targeted households | M114: % of female headed households | N114: % increase in income level vis-à-vis baseline | O114: Alternate Source | P114: No. of targeted households | Q114: % of female headed households | R114: % increase in income level vis-à-vis baseline | S114: Alternate Source
D116: No. of targeted households | E116: % of female headed households | F116: % increase in income level vis-à-vis baseline | G116: Alternate Source | H116: No. of targeted households | I116: % of female headed households | J116: % increase in income level vis-à-vis baseline | K116: Alternate Source | L116: No. of targeted households | M116: % of female headed households | N116: % increase in income level vis-à-vis baseline | O116: Alternate Source | P116: No. of targeted households | Q116: % of female headed households | R116: % increase in income level vis-à-vis baseline | S116: Alternate Source
B118: Output 6 Targeted individual and community livelihood strategies strengthened in relation to climate change impacts, including variability | C118: Indicator 6.1.1: No. and type of adaptation assets created or strengthened in support of individual or community livelihood strategies | D118: Number of Assets | E118: Type of Assets | F118: Sector | G118: Adaptation strategy | H118: Number of Assets | I118: Type of Assets | J118: Sector | K118: Adaptation strategy | L118: Number of Assets | M118: Type of Assets | N118: Sector | O118: Adaptation strategy | P118: Number of Assets | Q118: Type of Assets | R118: Sector | S118: Adaptation strategy
H119: 3 | I119: Adaptation strategies | J119: Agriculture | K119: Supporting livelihoods
C120: Core Indicator 6.1.2: Increased income, or avoided decrease in income | D120: Number of households (total number in the project area) | E120: Income source | G120: Income level (USD) | H120: Number of households (total number in the project area) | I120: Income source | K120: Income level (USD) | L120: Number of households (total number in the project area) | M120: Income source | O120: Income level (USD) | P120: Number of households (total number in the project area) | Q120: Income source | R120: Income source
H121: ='Tracker for projects under impl'!C114+'Tracker for projects under impl'!Q114 -> 5650 | I121: Agricultural-related
D122: Number of households (total number in the project area) | E122: Income source | G122: Income level (USD) | H122: Number of households (total number in the project area) | I122: Income source | K122: Income level (USD) | L122: Number of households (total number in the project area) | M122: Income source | O122: Income level (USD) | P122: Number of households (total number in the project area) | Q122: Income source | R122: Income source
D124: Number of households (total number in the project area) | E124: Income source | G124: Income level (USD) | H124: Number of households (total number in the project area) | I124: Income source | K124: Income level (USD) | L124: Number of households (total number in the project area) | M124: Income source | O124: Income level (USD) | P124: Number of households (total number in the project area) | Q124: Income source | R124: Income source
D126: Number of households (total number in the project area) | E126: Income source | G126: Income level (USD) | H126: Number of households (total number in the project area) | I126: Income source | K126: Income level (USD) | L126: Number of households (total number in the project area) | M126: Income source | O126: Income level (USD) | P126: Number of households (total number in the project area) | Q126: Income source | R126: Income source
D129: Baseline information | H129: Target performance at completion | L129: Performance at mid-term | P129: Performance at completion
B130: Outcome 7: Improved policies and regulations that promote and enforce resilience measures | C130: Indicator 7: Climate change priorities are integrated into national development strategy | D130: Integration level | H130: Integration level | L130: Integration level | P130: Integration level
D131: 3: Some
B132: Output 7:Improved integration of climate-resilience strategies into country development plans | C132: Indicator 7.1: No. of policies introduced or adjusted to address climate change risks | D132: No. of Policies introduced or adjusted | E132: Sector | F132: Scale | G132: Type | H132: No. of Policies introduced or adjusted | I132: Sector | J132: Scale | K132: Type | L132: No. of Policies introduced or adjusted | M132: Sector | N132: Scale | O132: Type | P132: No. of Policies introduced or adjusted | Q132: Sector | R132: Scale | S132: Type
H133: 1 | I133: Food security | J133: National
C134: Indicator 7.2: No. of targeted development strategies with incorporated climate change priorities enforced | D134: No. of Development strategies | E134: Regulation | G134: Effectiveness | H134: No. of Development strategies | I134: Regulation | K134: Effectiveness | L134: No. of Development strategies | M134: Regulation | O134: Effectiveness | P134: No. of Development strategies | Q134: Regulation | S134: Effectiveness
D141: Glacier lake outburst flood
D142: Inland flooding | E142: fr | F142: biological assets | H142: Company policy | I142: 5: Fully enforced (All elements implemented)
D143: Salinization | E143: Decrease | F143: land | H143: Communication & Information policy | I143: 4: Enforced (Most elements implemented)
D144: Drought | E144: Same | F144: water areas | H144: Defense policy | I144: 3: Partially enforced (Some elements implemented)
D145: Wind | F145: subsoil assets | G145: increased adpative capacity | H145: Domestic policy | I145: 2: Partially not enforced (Most elements not implemented) | K145: Agribusiness
D146: Coastal flooding | F146: air | G146: achieved | H146: Economic policy | I146: 1: Not enforced (No elements implemented) | K146: Agricultural-related | L146: Financial capital
D147: Storm surge | E147: Please choose | G147: enhanced level of protection | H147: Education policy | K147: Agriculture | L147: Human capital
D148: Hurricane | E148: Selected | K148: Aquaculture | L148: Physical capital
...

Sheet Tracker for projects under impl
B4: BURUNDI | I4: Saint Kitts and Nevis | Q4: Bahamas
A6: Impact: Increased resiliency at the community, national, and regional levels to climate variability and change | B6: Core Indicator: No. of beneficiaries | C6: Target performance at completion | H6: Impact: Increased resiliency at the community, national, and regional levels to climate variability and change | I6: Target performance at completion | P6: Impact: Increased resiliency at the community, national, and regional levels to climate variability and change | Q6: Target performance at completion
D7: Total (direct + indirect beneficiaries) | E7: Direct beneficiaries supported by the project | F7: Indirect beneficiaries supported by the project | J7: Total (direct + indirect beneficiaries) | K7: Direct beneficiaries supported by the project | L7: Indirect beneficiaries supported by the project | R7: Total (direct + indirect beneficiaries) | S7: Direct beneficiaries supported by the project | T7: Indirect beneficiaries supported by the project
C8: Total | D8: 3000 | E8: 650 | F8: =D8-E8 -> 2350 | I8: Total | J8: 52000 | L8: 52000 | Q8: Total | R8: 10000 | S8: 10000
C9: % of female beneficiaries | D9: 0.5 | E9: 0.25 | I9: % of female beneficiaries | J9: 0.5 | L9: 0.5 | Q9: % of female beneficiaries | R9: 0.3 | S9: 0.3
C10: % of Youth beneficiaries | D10: 0.2 | E10: 0.1 | I10: % of Youth beneficiaries | J10: 0.1 | L10: 0.1 | Q10: % of Youth beneficiaries | R10: 0.1 | S10: 0.1
A13: Indicator 1: Relevant threat and hazard information generated and disseminated to stakeholders on a timely basis | B13: Target performance at completion | H13: Indicator 1: Relevant threat and hazard information generated and disseminated to stakeholders on a timely basis | I13: Target performance at completion | P13: Indicator 1: Relevant threat and hazard information generated and disseminated to stakeholders on a timely basis | Q13: Target performance at completion
B14: Number of targeted stakeholders | D14: Hazards information generated and disseminated | E14: Overall effectiveness | I14: Number of targeted stakeholders | K14: Hazards information generated and disseminated | L14: Overall effectiveness | Q14: Number of targeted stakeholders | S14: Hazards information generated and disseminated | T14: Overall effectiveness
B15: Total | C15: 0 | I15: Total | J15: 9 | Q15: Total
A16: Indicator 1.1: No. of projects/programmes that conduct and update risk and vulnerability assessments | B16: % of female targeted | H16: Indicator 1.1: No. of projects/programmes that conduct and update risk and vulnerability assessments | I16: % of female targeted | J16: 0.5 | P16: Indicator 1.1: No. of projects/programmes that conduct and update risk and vulnerability assessments | Q16: % of female targeted
B17: No. of projects/programmes that conduct and update risk and vulnerability assessments | C17: Sector | D17: Scale | E17: Status | I17: No. of projects/programmes that conduct and update risk and vulnerability assessments | J17: Sector | K17: Scale | L17: Status | Q17: No. of projects/programmes that conduct and update risk and vulnerability assessments | R17: Sector | S17: Scale | T17: Status
B18: 1 | I18: 1
B19: No. of projects/programmes that conduct and update risk and vulnerability assessments | C19: Sector | D19: Scale | E19: Status | I19: No. of projects/programmes that conduct and update risk and vulnerability assessments | J19: Sector | K19: Scale | L19: Status | Q19: No. of projects/programmes that conduct and update risk and vulnerability assessments | R19: Sector | S19: Scale | T19: Status
B21: No. of projects/programmes that conduct and update risk and vulnerability assessments | C21: Sector | D21: Scale | E21: Status | I21: No. of projects/programmes that conduct and update risk and vulnerability assessments | J21: Sector | K21: Scale | L21: Status | Q21: No. of projects/programmes that conduct and update risk and vulnerability assessments | R21: Sector | S21: Scale | T21: Status
B23: No. of projects/programmes that conduct and update risk and vulnerability assessments | C23: Sector | D23: Scale | E23: Status | I23: No. of projects/programmes that conduct and update risk and vulnerability assessments | J23: Sector | K23: Scale | L23: Status | Q23: No. of projects/programmes that conduct and update risk and vulnerability assessments | R23: Sector | S23: Scale | T23: Status
B25: No. of projects/programmes that conduct and update risk and vulnerability assessments | C25: Sector | D25: Scale | E25: Status | I25: No. of projects/programmes that conduct and update risk and vulnerability assessments | J25: Sector | K25: Scale | L25: Status | Q25: No. of projects/programmes that conduct and update risk and vulnerability assessments | R25: Sector | S25: Scale | T25: Status
A26: Core Indicator 1.2: No. of Early Warning Systems | H26: Core Indicator 1.2: No. of Early Warning Systems | P26: Core Indicator 1.2: No. of Early Warning Systems
B27: No. of adopted Early Warning Systems | C27: Category targeted | D27: Hazard | I27: No. of adopted Early Warning Systems | J27: Category targeted | K27: Hazard | Q27: No. of adopted Early Warning Systems | R27: Category targeted | S27: Hazard
B28: 0 | D28: Geographical coverage | I28: 1 | K28: Geographical coverage | S28: Geographical coverage
D29: Number of municipalities | K29: Number of municipalities | S29: Number of municipalities
B30: No. of adopted Early Warning Systems | C30: Category targeted | D30: Hazard | I30: No. of adopted Early Warning Systems | J30: Category targeted | K30: Hazard | Q30: No. of adopted Early Warning Systems | R30: Category targeted | S30: Hazard
D31: Geographical coverage | K31: Geographical coverage | S31: Geographical coverage
D32: Number of municipalities | K32: Number of municipalities | S32: Number of municipalities
B33: No. of adopted Early Warning Systems | C33: Category targeted | D33: Hazard | I33: No. of adopted Early Warning Systems | J33: Category targeted | K33: Hazard | Q33: No. of adopted Early Warning Systems | R33: Category targeted | S33: Hazard
D34: Geographical coverage | K34: Geographical coverage | S34: Geographical coverage
D35: Number of municipalities | K35: Number of municipalities | S35: Number of municipalities
B36: No. of adopted Early Warning Systems | C36: Category targeted | D36: Hazard | I36: No. of adopted Early Warning Systems | J36: Category targeted | K36: Hazard | Q36: No. of adopted Early Warning Systems | R36: Category targeted | S36: Hazard
D37: Geographical coverage | K37: Geographical coverage | S37: Geographical coverage
D38: Number of municipalities | K38: Number of municipalities | S38: Number of municipalities
C41: Target performance at completion
A42: Outcome 2: Strengthened institutional capacity to reduce risks associated with climate-induced socioeconomic and environmental losses | B42: Indicator 2: Capacity of staff to respond to, and mitigate impacts of, climate-related events from targeted institutions increased | C42: Number of staff targeted | E42: Sector | F42: Capacity level | H42: Outcome 2: Strengthened institutional capacity to reduce risks associated with climate-induced socioeconomic and environmental losses | I42: Target performance at completion | P42: Outcome 2: Strengthened institutional capacity to reduce risks associated with climate-induced socioeconomic and environmental losses | Q42: Target performance at completion
C43: Total | I43: Number of staff targeted | K43: Sector | L43: Capacity level | Q43: Number of staff targeted | S43: Sector | T43: Capacity level
C44: % of female targeted | I44: Total | J44: 30 | Q44: Total
A45: Output 2.1 Strengthened capacity of national and sub-national centres and networks to respond rapidly to extreme weather events | B45: Indicator 2.1.1: No. of staff trained to respond to, and mitigate impacts of, climate-related events | C45: Total staff trained | D45: % of female staff trained | E45: Type | H45: Output 2.1 Strengthened capacity of national and sub-national centres and networks to respond rapidly to extreme weather events | I45: % of female targeted | J45: 0.3 | P45: Output 2.1 Strengthened capacity of national and sub-national centres and networks to respond rapidly to extreme weather events | Q45: % of female targeted
C46: 120 | D46: 0.3 | I46: Total staff trained | J46: % of female staff trained | K46: Type | Q46: Total staff trained | R46: % of female staff trained | S46: Type
B47: Indicator 2.1.2: No. of targeted institutions with increased capacity to minimize exposure to climate variability risks | C47: Type | D47: Scale | E47: Sector | F47: Capacity level | I47: 30 | J47: 0.5
I48: Type | J48: Scale | K48: Sector | L48: Capacity level | Q48: Type | R48: Scale | S48: Sector | T48: Capacity level
A49: Output 2.2. Increased readiness and capacity of national and sub-national entities to directly access and program adaptation finance | B49: Indicator 2.2.1: No. of targeted institutions benefitting from the direct access and enhanced direct access modality | C49: Number of beneficiaries | D49: Scale | E49: Sector | F49: Capacity level | H49: Output 2.2. Increased readiness and capacity of national and sub-national entities to directly access and program adaptation finance | J49: Scale | P49: Output 2.2. Increased readiness and capacity of national and sub-national entities to directly access and program adaptation finance
C50: 10 | I50: Number of beneficiaries | K50: Sector | L50: Capacity level | Q50: Number of beneficiaries | R50: Scale | S50: Sector | T50: Capacity level
I51: 10
C53: Target performance at completion | I53: Target performance at completion | Q53: Target performance at completion
A54: Outcome 3: Strengthened awareness and owernship of adaptation and climate risk reduction processes | B54: Indicator 3.1: Increase in application of appropriate adaptation responses | C54: Percentage of targeted population applying adaptation measures | E54: Sector | H54: Outcome 3: Strengthened awareness and owernship of adaptation and climate risk reduction processes | I54: Percentage of targeted population applying adaptation measures | K54: Sector | P54: Outcome 3: Strengthened awareness and owernship of adaptation and climate risk reduction processes | Q54: Percentage of targeted population applying adaptation measures | S54: Sector
C55: 60
A56: Output 3: Targeted population groups participating in adaptation and risk reduction awareness activities | B56: Indicator 3.1.1: Percentage of targeted population awareness of predicted adverse impacts of climate change, and of appropriate responses | C56: No. of targeted beneficiaries | D56: % of female participants targeted | E56: Level of awareness | H56: Output 3: Targeted population groups participating in adaptation and risk reduction awareness activities | I56: No. of targeted beneficiaries | J56: % of female participants targeted | K56: Level of awareness | P56: Output 3: Targeted population groups participating in adaptation and risk reduction awareness activities | Q56: No. of targeted beneficiaries | R56: % of female participants targeted | S56: Level of awareness
C57: 1000 | D57: 0.5
A58: Output 3.2: Stengthened capacity of national and subnational stakeholders and entities to capture and disseminate knowledge and learning | B58: Indicator 3.2.1: No. of technical committees/associations formed to ensure transfer of knowledge | C58: No. of technical committees/associations | D58: % of women represented in committes/associations | E58: Level of awareness | H58: Output 3.2: Stengthened capacity of national and subnational stakeholders and entities to capture and disseminate knowledge and learning | I58: No. of technical committees/associations | J58: % of women represented in committes/associations | K58: Level of awareness | P58: Output 3.2: Stengthened capacity of national and subnational stakeholders and entities to capture and disseminate knowledge and learning | Q58: No. of technical committees/associations | R58: % of women represented in committes/associations | S58: Level of awareness
C59: 0 | I59: 10
B60: Indicator 3.2.2: No. of tools and guidelines developed (thematic, sectoral, institutional) and shared with relevant stakeholders | C60: No. of tools and guidelines | D60: type | E60: Scale | I60: No. of tools and guidelines | J60: type | K60: Scale | Q60: No. of tools and guidelines | R60: type | S60: Scale
C61: 3 | Q61: 1
C63: Target performance at completion | I63: Target performance at completion | Q63: Target performance at completion
A64: Outcome 4: Increased adaptive capacity within relevant development sector services and infrastructure assets | B64: Indicator 4.1: Increased responsiveness of development sector services to evolving needs from changing and variable climate | C64: Project/programme sector | D64: Geographical scale | E64: Response level | H64: Outcome 4: Increased adaptive capacity within relevant development sector services and infrastructure assets | I64: Project/programme sector | J64: Geographical scale | K64: Response level | P64: Outcome 4: Increased adaptive capacity within relevant development sector services and infrastructure assets | Q64: Project/programme sector | R64: Geographical scale | S64: Response level
B66: Core Indicator 4.2: Assets produced, developed, improved or strengthened | C66: Sector | D66: Targeted asset | E66: Changes in asset (quantitative or qualitative) | I66: Sector | J66: Targeted asset | K66: Changes in asset (quantitative or qualitative) | Q66: Sector | R66: Targeted asset | S66: Changes in asset (quantitative or qualitative)
A73: Output 4: Vulnerable development sector services and infrastructure assets strengthened in response to climate change impacts, including variability | B73: Indicator 4.1.1: No. and type of development sector services to respond to new conditions resulting from climate variability and change | C73: Number of services | D73: Type | F73: Sector | H73: Output 4: Vulnerable development sector services and infrastructure assets strengthened in response to climate change impacts, including variability | I73: Number of services | J73: Type | L73: Sector | P73: Output 4: Vulnerable development sector services and infrastructure assets strengthened in response to climate change impacts, including variability | Q73: Number of services | R73: Type | T73: Sector
C74: 1
A83: Outcome 5: Increased ecosystem resilience in response to climate change and variability-induced stress | B83: Indicator 5: Ecosystem services and natural resource assets maintained or improved under climate change and variability-induced stress | C83: Baseline information | H83: Outcome 5: Increased ecosystem resilience in response to climate change and variability-induced stress | I83: Targeted performance at completion | P83: Outcome 5: Increased ecosystem resilience in response to climate change and variability-induced stress | Q83: Target performance at completion
C84: Natural resource improvement level | E84: Sector | F84: Type | I84: Natural resource improvement level | K84: Sector | L84: Type | Q84: Natural resource improvement level | S84: Sector | T84: Type
A85: Output 5: Vulnerable ecosystem services and natural resource assets strengthned in response to climate change impacts, including variability | B85: Core Indicator 5.1: Natural Assets protected or rehabilitated | H85: Output 5: Vulnerable ecosystem services and natural resource assets strengthned in response to climate change impacts, including variability | P85: Output 5: Vulnerable ecosystem services and natural resource assets strengthned in response to climate change impacts, including variability
C86: Natural asset or Ecosystem (type) | D86: Total number of natural assets or ecosystems protected/rehabilitated | E86: Unit | F86: Effectiveness of protection/rehabilitation | I86: Natural asset or Ecosystem (type) | J86: Total number of natural assets or ecosystems protected/rehabilitated | K86: Unit | L86: Effectiveness of protection/rehabilitation | Q86: Natural asset or Ecosystem (type) | R86: Total number of natural assets or ecosystems protected/rehabilitated | S86: Unit | T86: Effectiveness of protection/rehabilitation
D87: 100
C89: Natural asset or Ecosystem (type) | D89: Total number of natural assets or ecosystems protected/rehabilitated | E89: Unit | F89: Effectiveness of protection/rehabilitation | I89: Natural asset or Ecosystem (type) | J89: Total number of natural assets or ecosystems protected/rehabilitated | K89: Unit | L89: Effectiveness of protection/rehabilitation | Q89: Natural asset or Ecosystem (type) | R89: Total number of natural assets or ecosystems protected/rehabilitated | S89: Unit | T89: Effectiveness of protection/rehabilitation
C92: Natural asset or Ecosystem (type) | D92: Total number of natural assets or ecosystems protected/rehabilitated | E92: Unit | F92: Effectiveness of protection/rehabilitation | I92: Natural asset or Ecosystem (type) | J92: Total number of natural assets or ecosystems protected/rehabilitated | K92: Unit | L92: Effectiveness of protection/rehabilitation | Q92: Natural asset or Ecosystem (type) | R92: Total number of natural assets or ecosystems protected/rehabilitated | S92: Unit | T92: Effectiveness of protection/rehabilitation
C95: Natural asset or Ecosystem (type) | D95: Total number of natural assets or ecosystems protected/rehabilitated | E95: Unit | F95: Effectiveness of protection/rehabilitation | I95: Natural asset or Ecosystem (type) | J95: Total number of natural assets or ecosystems protected/rehabilitated | K95: Unit | L95: Effectiveness of protection/rehabilitation | Q95: Natural asset or Ecosystem (type) | R95: Total number of natural assets or ecosystems protected/rehabilitated | S95: Unit | T95: Effectiveness of protection/rehabilitation
C100: Targeted performance at completion | I100: Targeted performance at completion | Q100: Targeted performance at completion
A101: Outcome 6: Diversified and strengthened livelihoods and sources of income for vulnerable people in targeted areas | B101: Indicator 6.1: Increase in households and communities having more secure access to livelihood assets | C101: No. of targeted households | D101: % of female headed households | E101: Improvement level | H101: Outcome 6: Diversified and strengthened livelihoods and sources of income for vulnerable people in targeted areas | I101: No. of targeted households | J101: % of female headed households | K101: Improvement level | P101: Outcome 6: Diversified and strengthened livelihoods and sources of income for vulnerable people in targeted areas | Q101: No. of targeted households | R101: % of female headed households | S101: Improvement level
C102: 650 | D102: 0.5 | Q102: 5000 | R102: 0.5
B103: Indicator 6.2: Increase in targeted population's sustained climate-resilient alternative livelihoods | C103: No. of targeted households | D103: % of female headed households | E103: % increase in income level vis-à-vis baseline | F103: Alternate Source | I103: No. of targeted households | J103: % of female headed households | K103: % increase in income level vis-à-vis baseline | L103: Alternate Source | Q103: No. of targeted households | R103: % of female headed households | S103: % increase in income level vis-à-vis baseline | T103: Alternate Source
C104: 0
C105: No. of targeted households | D105: % of female headed households | E105: % increase in income level vis-à-vis baseline | F105: Alternate Source | I105: No. of targeted households | J105: % of female headed households | K105: % increase in income level vis-à-vis baseline | L105: Alternate Source | Q105: No. of targeted households | R105: % of female headed households | S105: % increase in income level vis-à-vis baseline | T105: Alternate Source
C107: No. of targeted households | D107: % of female headed households | E107: % increase in income level vis-à-vis baseline | F107: Alternate Source | I107: No. of targeted households | J107: % of female headed households | K107: % increase in income level vis-à-vis baseline | L107: Alternate Source | Q107: No. of targeted households | R107: % of female headed households | S107: % increase in income level vis-à-vis baseline | T107: Alternate Source
C109: No. of targeted households | D109: % of female headed households | E109: % increase in income level vis-à-vis baseline | F109: Alternate Source | I109: No. of targeted households | J109: % of female headed households | K109: % increase in income level vis-à-vis baseline | L109: Alternate Source | Q109: No. of targeted households | R109: % of female headed households | S109: % increase in income level vis-à-vis baseline | T109: Alternate Source
A111: Output 6 Targeted individual and community livelihood strategies strengthened in relation to climate change impacts, including variability | B111: Indicator 6.1.1: No. and type of adaptation assets created or strengthened in support of individual or community livelihood strategies | C111: Number of Assets | D111: Type of Assets | E111: Sector | F111: Adaptation strategy | H111: Output 6 Targeted individual and community livelihood strategies strengthened in relation to climate change impacts, including variability | I111: Number of Assets | J111: Type of Assets | K111: Sector | L111: Adaptation strategy | P111: Output 6 Targeted individual and community livelihood strategies strengthened in relation to climate change impacts, including variability | Q111: Number of Assets | R111: Type of Assets | S111: Sector | T111: Adaptation strategy
C112: 1 | Q112: 2
B113: Core Indicator 6.1.2: Increased income, or avoided decrease in income | C113: Number of households (total number in the project area) | D113: Income source | F113: Income level (USD) | I113: Number of households (total number in the project area) | J113: Income source | L113: Income level (USD) | Q113: Number of households (total number in the project area) | R113: Income source | T113: Income level (USD)
C114: 650 | Q114: 5000
C115: Number of households (total number in the project area) | D115: Income source | F115: Income level (USD) | I115: Number of households (total number in the project area) | J115: Income source | L115: Income level (USD) | Q115: Number of households (total number in the project area) | R115: Income source | T115: Income level (USD)
C117: Number of households (total number in the project area) | D117: Income source | F117: Income level (USD) | I117: Number of households (total number in the project area) | J117: Income source | L117: Income level (USD) | Q117: Number of households (total number in the project area) | R117: Income source | T117: Income level (USD)
C119: Number of households (total number in the project area) | D119: Income source | F119: Income level (USD) | I119: Number of households (total number in the project area) | J119: Income source | L119: Income level (USD) | Q119: Number of households (total number in the project area) | R119: Income source | T119: Income level (USD)
C124: Target performance at completion | I124: Target performance at completion | Q124: Target performance at completion
A125: Outcome 7: Improved policies and regulations that promote and enforce resilience measures | B125: Indicator 7: Climate change priorities are integrated into national development strategy | C125: Integration level | H125: Outcome 7: Improved policies and regulations that promote and enforce resilience measures | I125: Integration level | P125: Outcome 7: Improved policies and regulations that promote and enforce resilience measures | Q125: Integration level
A127: Output 7:Improved integration of climate-resilience strategies into country development plans | B127: Indicator 7.1: No. of policies introduced or adjusted to address climate change risks | C127: No. of Policies introduced or adjusted | D127: Sector | E127: Scale | F127: Type | H127: Output 7:Improved integration of climate-resilience strategies into country development plans | I127: No. of Policies introduced or adjusted | J127: Sector | K127: Scale | L127: Type | P127: Output 7:Improved integration of climate-resilience strategies into country development plans | Q127: No. of Policies introduced or adjusted | R127: Sector | S127: Scale | T127: Type
C128: 0 | Q128: 1
B129: Indicator 7.2: No. of targeted development strategies with incorporated climate change priorities enforced | C129: No. of Development strategies | D129: Regulation | F129: Effectiveness | I129: No. of Development strategies | J129: Regulation | L129: Effectiveness | Q129: No. of Development strategies | R129: Regulation | T129: Effectiveness
C130: 0
